 Dungeon Crawl Stone Soup version 0.19-a0-687-g35db334 (webtiles) character file.

1105304 Gorice the Executioner (level 27, -25/266 HPs)
             Began as a Hill Orc Summoner on June 12, 2016.
             Was the Champion of the Shining One.
             Annihilated by a shard shrike (29 damage)
             ... on level 6 of Cocytus on June 18, 2016.
             The game lasted 11:35:19 (101962 turns).

Gorice the Executioner (Hill Orc Summoner)        Turns: 101962, Time: 11:35:22

Health: -25/266    AC: 50    Str: 22    XL:     27
Magic:  42/44      EV: 12    Int: 18    God:    the Shining One [******]
Gold:   5910       SH:  0    Dex:  8    Spells: 12 memorised, 28 levels left

rFire  + . .     SeeInvis .     a - +9 executioner's axe (holy)
rCold  + . .     Gourm    .     G - +11 crystal plate armour of the Crushed Gods {rElec rN+ rCorr Dex-5}
rNeg   + + +     Faith    .     (shield currently unavailable)
rPois  +         Spirit   .     Q - -2 hat of the Alchemist {rElec rPois rF+ rC+ rN+ MR+ rMut rCorr}
rElec  +         Dismiss  .     h - +1 cloak {MR+}
rCorr  +         Reflect  .     o - +2 pair of gloves {archery}
rMut   +         Harm     .     r - +2 pair of boots
SustAt +                        C - amulet of regeneration
MR     ++++.                    U - ring of the Octopus King {SustAt AC+1 EV+1 Str+1 Int+1 Dex+1}
Stlth  ..........               M - ring of flight

@: flying, glowing, incredibly resistant to hostile enchantments, extremely
unstealthy
A: no striking features
a: Divine Shield, Cleansing Flame, Summon Divine Warrior, Renounce Religion,
Stop Flying
}: 11/15 runes: barnacled, slimy, silver, iron, abyssal, demonic, glowing,
magical, fiery, dark, gossamer


You were on level 6 of Cocytus.
You worshipped the Shining One.
The Shining One was exalted by your worship.
You were not hungry.

You visited 13 branches of the dungeon, and saw 66 of its levels.
You visited Pandemonium 8 times, and saw 39 of its levels.
You visited the Abyss 4 times.

You collected 10792 gold pieces.
You spent 4882 gold pieces at shops.

Inventory:

Hand Weapons
 a - a +9 executioner's axe of holy wrath (weapon)
   (You acquired it on level 2 of the Crypt)
 b - the +10 battleaxe of Heeqem {freeze, rF+ rC+}
   (You bought it in a shop on level 2 of the Orcish Mines)

   It has been specially enchanted to freeze those struck by it, causing extra
   injury to most foes and up to half again as much damage against particularly
   susceptible opponents.
   It can also slow down cold-blooded creatures.
   It protects you from fire.
   It protects you from cold.
Missiles
 k - 17 steel javelins (quivered)
 B - 8 silver javelins
 Y - 10 throwing nets
 Z - 6 javelins of penetration
Armour
 h - a +1 cloak of magic resistance (worn)
   (You acquired it on level 1 of the Depths)
 o - a +2 pair of gloves of archery (worn)
   (You found it on level 1 of the Vaults)
 r - a +2 pair of boots (worn)
 G - the +11 crystal plate armour of the Crushed Gods (worn) {rElec rN+ rCorr Dex-5}
   (You acquired it on level 2 of the Crypt)

   It affects your dexterity (-5).
   It insulates you from electricity.
   It protects you from negative energy.
   It protects you from acid and corrosion.
 Q - the -2 hat of the Alchemist (worn) {rElec rPois rF+ rC+ rN+ MR+ rMut rCorr}
   (You found it on level 3 of the Elven Halls)

   It protects you from fire.
   It protects you from cold.
   It insulates you from electricity.
   It protects you from poison.
   It protects you from negative energy.
   It affects your resistance to hostile enchantments.
   It protects you from acid and corrosion.
   It protects you from mutation.
Rods
 O - a +3 iron rod (11/11) {!a}
   (You found it on level 3 of the Elven Halls)
 S - a +4 rod of shadows (12/12) {!a}
   (You found it in Pandemonium)
Jewellery
 s - a +5 ring of protection
 w - the ring of Ceviostru {*Drain rF++ Dex+2 Slay+3}
   (You found it on level 7 of the Iron City of Dis)

   [ring of dexterity]

   It affects your dexterity (+2).
   It affects your accuracy and damage with ranged weapons and melee attacks
   (+3).
   It greatly protects you from fire.
   It causes draining when unequipped.
 C - an amulet of regeneration (around neck)
 M - a ring of flight (left hand)
 U - a ring of the Octopus King (right hand) {SustAt AC+1 EV+1 Str+1 Int+1 Dex+1}
   (You found it on level 10 of the Dungeon)

   [ring of sustain attributes]

   It sustains your strength, intelligence and dexterity.
   It affects your AC (+1).
   It affects your evasion (+1).
   It affects your strength (+1).
   It affects your intelligence (+1).
   It affects your dexterity (+1).
Wands
 g - a wand of heal wounds (7/9) {!d}
 l - a wand of digging (8/24)
 m - a wand of heal wounds (3/9) {!d}
 n - a wand of heal wounds (7/9) {!d}
 y - a wand of disintegration (12/24)
Scrolls
 c - 5 scrolls of recharging
 f - 19 scrolls of identify
 j - 2 scrolls of silence {!r}
 t - 26 scrolls of remove curse
 x - 14 scrolls of teleportation {!r}
 z - a scroll of summoning {!r}
 I - 4 scrolls of fog
 V - 7 scrolls of magic mapping {!r}
 X - 2 scrolls of blinking
Potions
 d - 11 potions of curing
 e - 3 potions of cure mutation {!q}
 p - 4 potions of resistance {!q}
 A - 3 potions of haste {!q}
 D - a potion of magic {!q}
 H - 9 potions of might {!q}
 J - 10 potions of agility {!q}
 K - a potion of cancellation {!q}
Miscellaneous
 E - 2 sacks of spiders
 R - a fan of gales
Comestibles
 q - 57 fruits
 N - 30 meat rations {!e}


   Skills:
 + Level 25.3 Fighting
 - Level 26.3 Axes
 - Level 15.0 Throwing
 + Level 24.2 Armour
 - Level 16.0 Dodging
 - Level 11.5 Stealth
 - Level 17.5 Spellcasting
 - Level 3.6 Hexes
 - Level 21.1 Charms
 - Level 17.1 Summonings
 - Level 14.0 Translocations
 - Level 6.3 Air Magic
 - Level 12.0 Invocations
 - Level 12.0 Evocations


You had 28 spell levels left.
You knew the following spells:

 Your Spells              Type           Power        Failure   Level  Hunger
a - Summon Small Mammal   Summ           ####         1%          1    None
b - Spectral Weapon       Hex/Chrm       ######..     1%          3    None
g - Passage of Golubria   Tloc           N/A          1%          4    None
p - Portal Projectile     Tloc           ######       1%          3    None
r - Recall                Summ/Tloc      N/A          1%          3    None
A - Apportation           Tloc           ######....   1%          1    None
B - Summon Butterflies    Summ           ######..     1%          1    None
D - Aura of Abjuration    Summ           ######....   1%          5    ###....
H - Haste                 Chrm           ######..     1%          6    #####..
J - Blink                 Tloc           N/A          1%          2    None
M - Repel Missiles        Chrm/Air       ######       1%          2    None
S - Swiftness             Chrm/Air       ######..     1%          2    None


Dungeon Overview and Level Annotations

Branches:
Dungeon (15/15)            Temple (0/1) D:7            Lair (6/6) D:11
 Shoals (4/4) Lair:4       Spider (4/4) Lair:4        Slime (5/5) Lair:6
    Orc (2/2) D:11            Elf (3/3) Orc:2        Vaults (5/5) D:13
  Crypt (3/3) Vaults:3       Tomb (0/3) Crypt:3      Depths (5/5) D:15
   Hell (1/1)                 Dis (7/7) Hell            Geh (0/7) Hell
    Coc (6/7) Hell            Tar (0/7) Hell            Zot (0/5) Depths:5

Altars:
Ashenzari
Cheibriados
Elyvilon
Fedhas
Gozag
Hepliaklqana
Kikubaaqudgha
Makhleb
Nemelex Xobeh
Okawaru
Pakellas
Ru
Sif Muna
Trog
Vehumet
Yredelemnul
Zin
The Shining One
Beogh
Jiyva

Shops:
Orc:2 %(::   Elf:2 :*!%:   Shoals:1 [   Shoals:2 }   Shoals:3 ((   Vaults:3 *
Vaults:4 :   Vaults:5 %   Depths:2 *

Portals:
Hell: Depths:1 Depths:2 Depths:3 Depths:4 Depths:5
Abyss: Depths:1 Depths:4
Pandemonium: Depths:1 Depths:3
Ziggurat: Depths:2
Trove: D:11 (give +3 storm dragon armour)

Annotations:
D:5 Prince Ribbit


Message History

You draw out your weapon's spirit!
The shard shrike claws you! The shard shrike freezes you!! You resist.
The shard shrike claws you. The shard shrike freezes you! You resist.
The shard shrike barely misses you.
Damage: 51 (max 51) Unknown command.
You slash the shard shrike!
The shard shrike is moderately wounded.
You slash the shard shrike!
The shard shrike is lightly wounded.
The shard shrike claws you!
* * * LOW HITPOINT WARNING * * *
The shard shrike freezes you!! You resist.
* * * LOW HITPOINT WARNING * * *
The shard shrike claws you but does no damage.
The shard shrike claws you!
* * * LOW HITPOINT WARNING * * *
The shard shrike freezes you! You resist.
* * * LOW HITPOINT WARNING * * *
Unknown command.
Damage: 53 (max 53) Unknown command.
Evoke which item? (* to show all) (? for menu, Esc to quit)
Zapping:
m - a wand of heal wounds (4/9) {!d}
Press: ? - help, Shift-Dir - straight line, f - you You feel much better.
This wand has 3 charges left.
The shard shrike closely misses your spectral weapon.
The shard shrike claws you!
* * * LOW HITPOINT WARNING * * *
The shard shrike freezes you!! You resist.
* * * LOW HITPOINT WARNING * * *
The shard shrike claws you but does no damage.
The shard shrike claws you.
* * * LOW HITPOINT WARNING * * *
The shard shrike freezes you!! You resist.
* * * LOW HITPOINT WARNING * * *
Damage: 33 (max 53) Unknown command.
The shard shrike screeches!
The shard shrike claws you but does no damage.
The shard shrike spits a shard of ice at you.
The shard of ice hits you! You partially resist.
* * * LOW HITPOINT WARNING * * *
The shard shrike spits a shard of ice at you.
The shard of ice is repelled.
You feel less protected from missiles.
The shard shrike claws you but does no damage. x2
The shard shrike claws you.
* * * LOW HITPOINT WARNING * * *
The shard shrike freezes you!! You resist.
You die...

≈≈≈≈≈.≈≈≈≈≈.≈≈≈≈
≈≈≈...≈≈≈≈≈.≈≈#
≈.....≈≈≈≈..≈≈#
.......≈≈..≈≈≈#
.......≈≈..≈≈≈#
.......≈...≈≈## ≈
≈≈≈....b..≈≈≈# ≈≈≈
≈≈≈≈≈.....≈≈≈##≈≈≈≈≈
≈≈≈≈≈≈≈.@.≈Z≈≈≈≈≈≈≈≈
≈≈≈≈≈≈≈≈≈≈b.b.≈≈≈≈≈≈≈≈≈
≈≈≈≈≈≈≈≈≈.(.≈≈....≈≈≈≈≈
......∩.....≈≈≈≈≈≈≈≈≈≈≈
............≈≈≈≈≈≈≈≈≈≈≈
≈≈≈≈≈≈≈≈....≈≈≈≈≈≈≈≈≈##
≈≈≈≈≈≈≈≈≈≈≈.≈≈≈≈≈≈≈≈##
≈≈≈≈≈≈≈≈≈≈≈.≈≈≈≈≈≈###
≈≈≈≈≈≈≈∩....≈≈≈≈≈##


You could see 3 shard shrikes, a titan skeleton and a friendly spectral
executioner's axe of holy wrath.

Vanquished Creatures
  Cerebov (Pan)
  the Royal Jelly (Slime:5)
  Mnoleg (Pan)
  Dispater (Dis:7)
  Lom Lobon (Pan)
  Khufu (Crypt:1)
  Mara (Shoals:3)
  A juggernaut (Abyss:4)
  Mennas (Pan)
  2 ancient liches
  Sojobo (Depths:5)
  A greater mummy (Crypt:1)
  Margery (Crypt:1)
  2 shard shrikes
  Geryon (Hell)
  A caustic shrike (Depths:2)
  10 golden dragons
  2 profane servitors
  Arachne (Spider:3)
  5 iron giants (Dis:7)
  9 Tzitzimimeh (Pan)
  10 Brimstone Fiends
  9 bone dragons
  11 tentacled monstrosities
  5 liches
  13 pandemonium lords (Pan)
  12 Hell Sentinels
  A deep elf blademaster (Elf:3)
  7 Ice Fiends
  8 titans
  A kraken (Abyss:3)
  4 deep elf master archers (Elf:3)
  13 acid blobs
  12 tentacled starspawn
  3 quicksilver dragons (Dis:5)
  An eldritch tentacle (Pan)
  26 Executioners
  Agnes (Elf:2)
  8 tengu reavers
  7 sphinxes
  The ghost of tstbtto the Severer, an adept DDFi of Ru (Spider:1)
  10 ancient champions
  5 shadow dragons
  5 storm dragons
  Ilsuiw (Shoals:3)
  3 azure jellies
  11 deep elf sorcerers
  17 fire giants
  9 daevas
  39 balrugs
  18 frost giants
  A ghost moth (shapeshifter) (Vaults:2)
  6 iron dragons
  An orc warlord (Depths:3)
  11 vault wardens
  3 ghost moths (Spider:4)
  A draconian shifter (Depths:5)
  3 curse skulls
  7 warmongers (Pan)
  A draconian knight (Abyss:3)
  22 cacodemons
  6 emperor scorpions
  10 deep elf elementalists
  3 angels
  8 blood saints (Pan)
  4 ophanim
  13 war gargoyles
  29 reapers
  40 stone giants
  2 spriggan defenders
  5 ghouls
  A draconian caller (Depths:5)
  15 ironheart preservers
  3 draconian annihilators (Pan)
  4 deep elf demonologists
  8 corrupters (Pan)
  26 very ugly things
  11 vampire knights
  8 black suns (Pan)
  10 chaos champions (Pan)
  12 lorocyprocas
  Azrael (Elf:2)
  2 apis (Pan)
  2 red draconians
  2 spark wasps
  14 deep elf annihilators
  2 yellow draconians (Depths:5)
  A black draconian (Depths:5)
  A white draconian (Depths:5)
  13 green deaths
  Snorg (D:10)
  4 merfolk javelineers
  A mummy priest (Depths:3)
  4 eidola
  10 ettins
  40 blizzard demons
  9 deep elf death magi
  Josephine (Lair:5)
  10 death oozes
  9 jiangshi
  7 fire dragons
  22 yaktaur captains
  2 crystal guardians (Vaults:4)
  15 great orbs of eyes
  Fannar (D:10)
  7 rakshasas
  2 quicksilver dragon zombies
  2 kraken zombies (Hell)
  7 deep elf high priests
  12 ice dragons
  6 merfolk impalers
  21 monstrous demonspawn (Pan)
  8 hydras
  5 entropy weavers
  3 quicksilver dragon skeletons
  2 catoblepae
  5 hell beasts (Pan)
  A merfolk avatar (Shoals:3)
  Erica (Lair:2)
  A naga warrior (Abyss:3)
  17 ogre magi
  28 vault guards
  9 death knights
  5 spriggan air magi
  20 centaur warriors
  An alligator snapping turtle (Shoals:4)
  2 satyrs (Shoals:4)
  10 hell hogs
  5 merfolk aquamancers
  8 tengu warriors
  6 death yaks
  18 hell knights
  29 dancing weapons
  5 spriggan berserkers
  8 deep troll shamans
  An orc high priest (Depths:3)
  2 titan zombies
  26 small abominations
  10 vampire magi
  10 deep troll earth magi
  35 soul eaters
  19 thrashing horrors
  Nergalle (D:10)
  91 sun demons
  6 storm dragon zombies
  14 iron golems
  9 wretched stars
  2 salamander mystics
  5 titan skeletons
  29 deep elf knights
  29 deep trolls
  3 spatial maelstroms
  15 shadow wraiths
  5 golden dragon zombies
  A death drake (shapeshifter) (Vaults:2)
  A fire crab (Vaults:2)
  7 flayed ghosts
  19 iron trolls
  8 sea snakes
  89 skeletal warriors
  8 unseen horrors
  12 gelid demonspawn (Pan)
  17 shadow demons
  7 anaconda zombies
  6 storm dragon skeletons
  4 cherubim
  17 deep elf archers
  4 giant orange brains
  3 shadow dragon zombies
  8 infernal demonspawn (Pan)
  5 torturous demonspawn (Pan)
  An orange crystal statue (Vaults:1)
  17 phantasmal warriors
  3 golden dragon skeletons
  A lindwurm (shapeshifter) (Depths:1)
  A sphinx zombie (Depths:2)
  14 ironbrand convokers
  A ghost moth zombie (Dis:1)
  16 wizards
  8 putrid demonspawn (Pan)
  42 ugly things
  6 anaconda skeletons
  23 orc knights
  3 orc sorcerers
  11 frost giant zombies
  14 hill giants
  9 stone giant zombies
  8 griffons
  A shining eye (shapeshifter) (Abyss:4)
  2 shadow dragon skeletons
  14 harpies
  18 orb spiders
  An orb spider (shapeshifter) (Vaults:3)
  3 fire giant zombies
  2 salamanders (Depths:5)
  2 wolf spider zombies (Dis:3)
  31 wolf spiders
  18 necromancers
  12 elephants
  2 hornets
  A worldbinder (Abyss:3)
  66 deep elf magi
  7 manticores
  5 shining eyes
  16 fauns
  A sphinx skeleton (Depths:3)
  10 cyclopes
  A salamander (shapeshifter) (Vaults:1)
  2 iron dragon zombies
  34 sixfirhies
  2 dire elephant zombies
  An elephant (shapeshifter) (Depths:5)
  2 shock serpent zombies
  9 sirens
  4 iron dragon skeletons
  Maurice (D:10)
  3 moths of wrath
  7 fire giant skeletons
  3 black mambas
  A naga mage (Depths:3)
  4 water nymphs
  A frost giant skeleton (Crypt:3)
  11 vault sentinels
  Joseph (D:7)
  Psyche (D:10)
  7 eyes of devastation
  48 rust devils
  2 catoblepas zombies
  4 guardian serpents
  59 smoke demons
  14 spiny frogs
  A white draconian zombie (Crypt:2)
  An apocalypse crab (Abyss:4)
  28 orange demons (Pan)
  5 spectral swamp worms (Depths:3)
  A black draconian zombie (Crypt:3)
  28 hellions
  2 dire elephant skeletons
  9 rime drakes
  16 freezing wraiths
  11 efreet
  An emperor scorpion zombie (Coc:5)
  A yaktaur zombie (Vaults:3)
  24 demonic crawlers
  11 komodo dragons
  A sea snake zombie (Crypt:1)
  60 yaktaurs
  35 hellwings
  A kobold demonologist (D:11)
  An anaconda simulacrum (Coc:4)
  35 ice devils
  24 tormentors
  A spriggan skeleton (Depths:1)
  9 ancient zymes
  48 red devils
  A golden dragon simulacrum (Depths:2)
  A jumping spider (shapeshifter) (Vaults:1)
  A spriggan druid (Lair:6)
  A queen bee (shapeshifter) (Vaults:4)
  A harpy zombie (Coc:2)
  7 hydra zombies
  A minotaur zombie (Crypt:1)
  5 polar bears
  4 tengu conjurers
  28 jumping spiders
  A silent spectre (Abyss:3)
  32 two-headed ogres
  Grinder (D:3)
  A polar bear (shapeshifter) (Abyss:4)
  23 merfolk
  12 trolls
  A sphinx simulacrum (Vaults:2)
  3 wind drakes
  3 hydra skeletons
  29 raiju
  67 slime creatures
  A tengu simulacrum (Depths:3)
  69 large abominations
  A bog body (Crypt:3)
  2 alligator zombies
  8 boulder beetles
  A harpy skeleton (Pan)
  8 blink frogs
  A deep troll zombie (Hell)
  An ettin zombie (Dis:7)
  4 fire dragon zombies
  6 ice dragon zombies
  2 meliai zombies
  2 boulder beetles (shapeshifter)
  A fire giant simulacrum (Vaults:3)
  A human simulacrum (Vaults:3)
  A stone giant simulacrum (Vaults:2)
  5 snapping turtles
  33 flying skulls
  40 ynoxinuls
  94 redbacks
  An alligator skeleton (Crypt:2)
  Sigmund (D:5)
  8 shadows
  2 tarantellas (shapeshifter)
  6 wyverns
  10 spriggans
  4 air elementals
  3 fire dragon skeletons (Crypt:3)
  19 water elementals
  29 wraiths
  35 tarantellas
  37 yaks
  5 vampires
  3 ice dragon skeletons
  22 humans
  6 ettin skeletons
  2 basilisks
  5 hungry ghosts
  11 fire elementals
  5 golden eyes (Pan)
  A hog (shapeshifter) (Depths:1)
  19 neqoxecs
  A hill giant skeleton (Crypt:1)
  A steam dragon (Lair:4)
  35 chaos spawn
  13 hippogriffs
  11 wargs
  5 mottled dragons
  13 vampire mosquitoes
  14 insubstantial wisps
  A mottled dragon (shapeshifter) (Vaults:5)
  A gelid demonspawn zombie (Dis:5)
  A naga (Abyss:3)
  2 spatial vortices (Abyss:4)
  2 tengu zombies
  A tengu skeleton (Depths:2)
  3 giant eyeballs
  A water moccasin (shapeshifter) (Vaults:5)
  33 hell hounds
  12 water moccasins
  8 porcupines
  A putrid demonspawn skeleton (Crypt:3)
  3 spiny frog zombies
  A giant eyeball (shapeshifter) (Depths:2)
  10 black bears
  3 sky beasts
  A deep troll skeleton (Crypt:2)
  5 jellies
  6 human zombies
  51 orc warriors
  An ettin simulacrum (Depths:1)
  4 spiny frog skeletons
  10 eyes of draining
  An eye of draining (shapeshifter) (Vaults:3)
  11 wasps
  49 wolves
  8 necrophages
  2 snapping turtle zombies
  4 manticore zombies
  45 ogres
  5 phantoms
  15 boggarts
  24 centaurs
  A centaur (shapeshifter) (Depths:4)
  6 human skeletons
  2 manticore skeletons
  A snapping turtle skeleton (Crypt:3)
  13 crocodiles
  4 big kobolds
  13 giant frogs
  A gnoll sergeant (D:11)
  An elf zombie (Crypt:2)
  5 earth elementals
  A deep troll simulacrum (Vaults:2)
  A glowing shapeshifter simulacrum (Depths:3)
  A yaktaur skeleton (Depths:1)
  An elf skeleton (Crypt:2)
  2 scorpions
  A water moccasin skeleton (Crypt:1)
  2 spriggan zombies
  27 wights
  A warg skeleton (Crypt:3)
  7 killer bees (D:10)
  5 electric eels
  3 giant frog zombies
  5 howler monkeys
  A wasp zombie (D:12)
  A wolf skeleton (Crypt:1)
  18 crimson imps
  3 centaur zombies
  3 quasits
  50 starcursed masses
  10 hounds
  41 iron imps
  3 centaur skeletons
  10 orc priests
  10 iguanas
  21 orc wizards
  A giant frog skeleton (D:12)
  Crazy Yiuf (D:5)
  10 worker ants
  3 hell rats (Hell)
  A killer bee zombie (D:5)
  32 sheep
  A big kobold zombie (Crypt:1)
  A naga zombie (Dis:7)
  A big kobold skeleton (Crypt:3)
  A hound zombie (D:11)
  3 hound skeletons
  7 mummies
  A hell rat skeleton (Crypt:3)
  6 gnolls
  11 adders
  58 river rats
  A swamp drake skeleton (Crypt:2)
  7 shadow imps
  8 white imps
  2 ufetubi
  2 adder skeletons
  An adder zombie (D:5)
  A sheep skeleton (Crypt:3)
  A worm (D:3)
  3 ball lightnings (Pan)
  5 dart slugs
  12 giant geckos
  104 orcs
  A ball python (D:1)
  8 bats
  2 bat zombies
  2 giant cockroaches
  4 goblins
  3 hobgoblins
  16 jackals
  18 kobolds
  4 quokkas
  A giant gecko skeleton (D:4)
  6 giant newts
  A goblin skeleton (Crypt:1)
  A jackal skeleton (D:4)
  A kobold skeleton (Crypt:3)
  2 quokka skeletons (D:5)
  A quokka zombie (D:8)
  4 rats
  4 rat zombies (D:5)
  A crawling corpse (Elf:3)
  2 fire vortices (Pan)
  4 fungi
  3 lost souls
  8 plants
  15 starspawn tentacles
  6 tentacles
  7 withered plants (Crypt:3)
4353 creatures vanquished.

Vanquished Creatures (collateral kills)
  A pandemonium lord (Pan)
  3 Brimstone Fiends (Pan)
  A Hell Sentinel (Dis:7)
  A tentacled monstrosity (Pan)
  A tentacled starspawn (Abyss:3)
  An ancient champion (Dis:7)
  2 warmongers (Pan)
  A caustic shrike zombie (Hell)
  An iron dragon (Dis:7)
  3 cacodemons (Pan)
  4 reapers
  A corrupter (Pan)
  3 blizzard demons (Hell)
  3 green deaths (Pan)
  2 thrashing horrors
  3 soul eaters
  2 sun demons
  A skeletal warrior (Dis:7)
  2 iron golems (Hell)
  An unseen horror (Abyss:3)
  A shadow demon (Pan)
  A shadow dragon zombie (Abyss:3)
  A golden dragon zombie (Hell)
  An infernal demonspawn (Pan)
  A torturous demonspawn (Pan)
  An anaconda skeleton (Hell)
  Pikel (D:7)
  4 large abominations (Pan)
  A shining eye (Pan)
  A hornet (shapeshifter) (Abyss:3)
  4 sixfirhies (Pan)
  A dire elephant zombie (Dis:7)
  An eye of devastation (Pan)
  2 rust devils (Hell)
  An orange demon (Pan)
  4 smoke demons
  A hellwing (Pan)
  A tormentor (Abyss:3)
  A freezing wraith (Hell)
  2 ice devils (Pan)
  4 red devils
  A hydra zombie (Hell)
  2 raiju (Abyss:4)
  An ice dragon zombie (Hell)
  A wraith (Abyss:3)
  A vampire (Abyss:3)
  A fire elemental (Hell)
  A water elemental (Hell)
  2 neqoxecs (Pan)
  2 chaos spawn (Pan)
  A small abomination (Abyss:3)
  A spiny frog zombie (Hell)
  A starcursed mass (Abyss:1)
  An iron imp (Dis:7)
  A dart slug (D:1)
  A giant cockroach (D:1)
  3 hobgoblins (D:1)
  A giant newt (D:1)
  3 goblins (D:1)
  A kobold (D:1)
  2 rats (D:1)
  2 starspawn tentacles (Abyss:1)
102 creatures vanquished.

Vanquished Creatures (others)
  A titan (Pan)
  2 tengu reavers
  An ancient champion (Dis:7)
  A frost giant (Depths:4)
  A fire giant (Depths:3)
  A green death (Pan)
  A blizzard demon (Pan)
  An ice dragon (Depths:4)
  A centaur warrior (Depths:2)
  A sun demon (Pan)
  2 skeletal warriors
  A deep elf mage (Vaults:3)
  A guardian serpent (Abyss:4)
  A rust devil (Dis:7)
  A blink frog (Abyss:3)
  A redback (Spider:4)
  A ynoxinul (Pan)
  A giant eyeball (Elf:1)
  A hell hound (Dis:5)
  3 slaves (D:7)
  A small abomination (Abyss:3)
  A sky beast (Abyss:3)
  A necrophage (Dis:5)
  An orc priest (D:7)
  An orc wizard (D:7)
  2 hell rats (Hell)
  2 gnolls (D:10)
  4 ball lightnings (Pan)
  An orc (D:7)
  A block of ice (Pan)
  9 bushes (D:14)
  45 eldritch tentacle segments (Pan)
  13 fungi
  8 lost souls
  2 lurking horrors (Abyss:4)
  56 plants
  32 spectral weapons
  27 starspawn tentacles
  234 starspawn tentacle segments
  6 tentacles
  429 tentacle segments
900 creatures vanquished.

Grand Total: 5355 creatures vanquished

Notes
Turn   | Place    | Note
--------------------------------------------------------------
     0 | D:1      | Gorice the Hill Orc Summoner began the quest for the Orb.
     0 | D:1      | Reached XP level 1. HP: 14/14 MP: 3/3
    84 | D:1      | Reached skill level 1 in Fighting
   349 | D:1      | Reached XP level 2. HP: 14/24 MP: 1/4
   413 | D:1      | Reached skill level 2 in Fighting
   453 | D:1      | HP: 7/24 [hobgoblin/club (4)]
   455 | D:1      | HP: 2/24 [hobgoblin/club (5)]
   980 | D:1      | Reached XP level 3. HP: 24/30 MP: 5/5
  1117 | D:1      | Reached skill level 1 in Armour
  1276 | D:1      | Reached skill level 3 in Fighting
  1350 | D:2      | Found a glowing golden altar of the Shining One.
  1653 | D:2      | Found a radiant altar of Vehumet.
  1729 | D:2      | Found a shattered altar of Ashenzari.
  1757 | D:2      | Found a faded altar of an unknown god.
  1782 | D:2      | Reached XP level 4. HP: 34/38 MP: 6/6
  1821 | D:2      | Reached skill level 2 in Armour
  1874 | D:2      | Found a burning altar of Makhleb.
  2189 | D:2      | Found a blossoming altar of Fedhas.
  2189 | D:2      | Found an iron altar of Okawaru.
  2274 | D:2      | Became a worshipper of the Shining One
  2420 | D:3      | Found a bloodstained altar of Trog.
  2459 | D:3      | Found a snail-covered altar of Cheibriados.
  2494 | D:3      | Reached skill level 4 in Fighting
  2550 | D:3      | Noticed Grinder
  2558 | D:3      | Paralysed by Grinder for 4 turns
  2567 | D:3      | Paralysed by Grinder for 5 turns
  2574 | D:3      | Paralysed by Grinder for 3 turns
  2580 | D:3      | Paralysed by Grinder for 4 turns
  2741 | D:3      | Paralysed by Grinder for 7 turns
  2751 | D:3      | Killed Grinder
  2751 | D:3      | Reached skill level 5 in Fighting
  2751 | D:3      | Reached skill level 3 in Armour
  2751 | D:3      | Reached XP level 5. HP: 25/48 MP: 0/7
  2751 | D:3      | Reached XP level 6. HP: 29/56 MP: 0/8
  2974 | D:3      | Reached skill level 4 in Armour
  3223 | D:4      | Noticed a phantom
  3277 | D:4      | Killed a phantom
  3527 | D:4      | Reached skill level 6 in Fighting
  3569 | D:4      | Reached XP level 7. HP: 53/63 MP: 9/9
  3607 | D:4      | Found a sacrificial altar of Ru.
  3645 | D:4      | Reached skill level 5 in Armour
  4018 | D:5      | Entered Level 5 of the Dungeon
  4089 | D:5      | Found a glowing silver altar of Zin.
  4094 | D:5      | Noticed Sigmund
  4133 | D:5      | Killed Sigmund
  4133 | D:5      | Reached skill level 7 in Fighting
  4171 | D:5      | Reached * piety under the Shining One
  4189 | D:5      | Found an ancient bone altar of Kikubaaqudgha.
  4346 | D:5      | Noticed Prince Ribbit
  4392 | D:5      | HP: 16/66 [Prince Ribbit (13)]
  4662 | D:5      | Reached skill level 6 in Armour
  4779 | D:5      | Reached XP level 8. HP: 51/73 MP: 10/10
  4787 | D:5      | Reached ** piety under the Shining One
  5487 | D:5      | --vpUX: Yiuf's w tele trap
  5530 | D:5      | Reached skill level 8 in Fighting
  5783 | D:6      | Found a glowing silver altar of Zin.
  5830 | D:6      | Reached skill level 7 in Armour
  6266 | D:6      | HP: 22/75 [meliai zombie (6)]
  6524 | D:6      | Found a burning altar of Makhleb.
  6534 | D:6      | Reached skill level 9 in Fighting
  6762 | D:6      | Reached skill level 8 in Armour
  6808 | D:7      | Found an opulent altar of Gozag.
  6810 | D:7      | Noticed Pikel
  6833 | D:7      | Killed Pikel
  6833 | D:7      | Reached XP level 9. HP: 77/85 MP: 3/11
  6926 | D:7      | Reached skill level 10 in Fighting
  7442 | D:7      | Reached skill level 9 in Armour
  7506 | D:7      | Found a staircase to the Ecumenical Temple.
  7637 | D:7      | Reached skill level 1 in Axes
  7695 | D:7      | Reached skill level 2 in Axes
  7718 | D:7      | Found a basalt altar of Yredelemnul.
  7793 | D:7      | Reached skill level 3 in Axes
  7807 | D:7      | Found a white marble altar of Elyvilon.
  7958 | D:7      | Found a deep blue altar of Sif Muna.
  7965 | D:7      | Reached skill level 4 in Axes
  8097 | D:8      | Noticed Joseph
  8158 | D:7      | Killed Joseph
  8158 | D:7      | Reached skill level 6 in Axes
  8485 | D:8      | Reached skill level 7 in Axes
  8600 | D:8      | Reached skill level 8 in Axes
  8616 | D:8      | Reached XP level 10. HP: 86/94 MP: 12/12
  8670 | D:8      | Reached *** piety under the Shining One
  8678 | D:8      | Found an oddly glowing altar of Pakellas.
  8859 | D:8      | Reached skill level 9 in Axes
  9225 | D:9      | Reached skill level 10 in Axes
  9567 | D:9      | Reached skill level 11 in Axes
  9960 | D:10     | Entered Level 10 of the Dungeon
  9962 | D:10     | Noticed a griffon
  9980 | D:10     | Killed a griffon
  9980 | D:10     | Reached skill level 12 in Axes
 10009 | D:10     | Noticed Psyche
 10033 | D:10     | HP: 8/94 [Psyche/wand of lightning (26)]
 10393 | D:10     | Killed Psyche
 10393 | D:10     | HP: 25/94 [gnoll/spear (6)]
 10672 | D:10     | Noticed Maurice
 10685 | D:10     | Killed Maurice
 10685 | D:10     | Reached skill level 13 in Axes
 10727 | D:10     | Noticed Snorg
 10924 | D:5      | Noticed Crazy Yiuf
 10927 | D:5      | Killed Crazy Yiuf
 11106 | D:10     | Noticed Fannar
 11154 | D:10     | Reached XP level 11. HP: 98/101 MP: 13/13
 11195 | D:11     | Noticed a hill giant
 11276 | D:10     | Killed a hill giant
 11276 | D:10     | Reached skill level 14 in Axes
 11541 | D:11     | Found a labyrinth entrance.
 11555 | D:11     | Noticed a manticore
 11591 | D:11     | Killed a manticore
 11591 | D:11     | Reached skill level 15 in Axes
 11733 | D:11     | Found a staircase to the Lair.
 11810 | D:11     | HP: 23/101 [yak (10)]
 11825 | D:11     | HP: 24/101 [orc (3)]
 11863 | D:10     | HP: 24/101 [Snorg (10)]
 12281 | D:11     | Reached **** piety under the Shining One
 12354 | D:11     | Reached skill level 16 in Axes
 12396 | D:11     | Noticed an unseen horror
 12398 | D:11     | Found a staircase to the Orcish Mines.
 12408 | D:11     | Killed an unseen horror
 12503 | D:11     | Found a portal to a secret trove of treasure.
 12632 | D:11     | Noticed a hill giant
 12637 | D:11     | Noticed a hill giant
 12639 | D:11     | Killed a hill giant
 12647 | D:11     | Killed a hill giant
 12717 | D:11     | Reached skill level 17 in Axes
 13006 | Lair:1   | Entered Level 1 of the Lair of Beasts
 13052 | Lair:1   | Reached XP level 12. HP: 78/107 MP: 14/14
 13349 | Lair:1   | Reached skill level 18 in Axes
 14232 | Lair:2   | Noticed Erica
 14248 | Lair:2   | Killed Erica
 14576 | Lair:2   | Reached skill level 19 in Axes
 14600 | Lair:2   | Learned a level 2 spell: Repel Missiles
 15138 | Lair:3   | Reached skill level 20 in Axes
 15198 | Lair:3   | Reached skill level 1 in Invocations
 15346 | Lair:2   | Reached skill level 2 in Invocations
 15378 | Lair:2   | Reached skill level 3 in Invocations
 15723 | Lair:4   | Reached skill level 4 in Invocations
 15723 | Lair:4   | Reached XP level 13. HP: 114/114 MP: 14/16
 15788 | Lair:4   | Reached skill level 10 in Armour
 15952 | Lair:4   | Found a hole to the Spider Nest.
 16148 | Lair:4   | Reached skill level 5 in Invocations
 16232 | Lair:4   | Found a staircase to the Shoals.
 16693 | Lair:4   | Reached skill level 6 in Invocations
 17100 | Lair:5   | Reached skill level 7 in Invocations
 17240 | Lair:5   | Noticed Josephine
 17264 | Lair:5   | Killed Josephine
 17264 | Lair:5   | Reached skill level 11 in Armour
 17409 | Lair:5   | Reached skill level 8 in Invocations
 17578 | Lair:5   | Reached ***** piety under the Shining One
 17979 | Lair:5   | Reached skill level 9 in Invocations
 18395 | Lair:6   | Entered Level 6 of the Lair of Beasts
 18718 | Lair:5   | Reached skill level 12 in Armour
 18746 | Lair:6   | Reached skill level 10 in Invocations
 18975 | Lair:6   | Found a staircase to the Slime Pits.
 19019 | Lair:6   | Reached XP level 14. HP: 112/122 MP: 3/22
 19098 | Lair:6   | HP: 36/122 [poisoned by a spriggan rider]
 19104 | Lair:6   | HP: 32/122 [spriggan rider/uncursed spear of venom (1)]
 19115 | Lair:6   | Reached skill level 11 in Invocations
 19135 | Lair:6   | HP: 36/122 [poisoned by a spriggan rider]
 19590 | Lair:6   | Reached skill level 13 in Armour
 19757 | Lair:6   | HP: 35/122 [spriggan/rapier (4)]
 20143 | Lair:6   | Reached skill level 12 in Invocations
 20401 | Lair:5   | Reached skill level 1 in Throwing
 20981 | Lair:5   | Reached skill level 2 in Throwing
 21564 | Orc:1    | Entered Level 1 of the Orcish Mines
 21625 | Orc:1    | Reached skill level 14 in Armour
 22030 | Orc:1    | Noticed a stone giant
 22049 | Orc:1    | Killed a stone giant
 22369 | Orc:1    | Reached skill level 3 in Throwing
 22487 | Orc:2    | Entered Level 2 of the Orcish Mines
 22687 | Orc:2    | Found a staircase to the Elven Halls.
 23402 | Orc:2    | Found Qeyqeg's Food Shop.
 23402 | Orc:2    | Found Foizaeg's Weapon Shoppe.
 23442 | Orc:2    | Bought the +10 battleaxe of Heeqem {freeze, rF+ rC+} for 1075 gold pieces
 23569 | Orc:2    | Found a roughly hewn altar of Beogh.
 23587 | Orc:2    | Found Vanaag's Book Shop.
 23587 | Orc:2    | Found Guaczigh's Book Shoppe.
 23619 | Orc:2    | Reached skill level 4 in Throwing
 23898 | Spider:1 | Entered Level 1 of the Spider Nest
 24070 | Spider:1 | Noticed tstbtto's ghost (adept DDFi)
 24333 | Spider:1 | Killed tstbtto's ghost
 24333 | Spider:1 | Reached skill level 15 in Armour
 24333 | Spider:1 | Reached XP level 15. HP: 69/127 MP: 13/24
 24658 | Spider:1 | Reached skill level 5 in Throwing
 24681 | Spider:1 | Reached ****** piety under the Shining One
 25771 | Spider:2 | Reached skill level 6 in Throwing
 25865 | Spider:2 | Reached skill level 16 in Armour
 26784 | Spider:3 | Reached skill level 11 in Fighting
 27069 | Spider:3 | Reached skill level 7 in Throwing
 27508 | Spider:4 | Entered Level 4 of the Spider Nest
 27686 | Spider:4 | Noticed Arachne
 27714 | Spider:4 | HP: 37/130 [spark wasp (9)]
 27715 | Spider:4 | HP: 14/130 [spark wasp (14)]
 27720 | Spider:4 | HP: 36/130 [wolf spider (9)]
 27727 | Spider:4 | HP: 35/130 [tarantella (4)]
 27732 | Spider:4 | Noticed a ghost moth
 27732 | Spider:4 | Noticed an emperor scorpion
 27732 | Spider:4 | Noticed an emperor scorpion
 27732 | Spider:4 | Noticed a ghost moth
 27732 | Spider:4 | Noticed an emperor scorpion
 27732 | Spider:4 | Noticed an emperor scorpion
 27732 | Spider:4 | Noticed an emperor scorpion
 27732 | Spider:4 | HP: 36/130 [redback (2)]
 27768 | Spider:4 | HP: 35/130 [wolf spider (5)]
 28198 | Spider:3 | Reached skill level 2 in Dodging
 28437 | Spider:3 | Killed Arachne
 28437 | Spider:3 | Reached skill level 12 in Fighting
 28437 | Spider:3 | Reached skill level 3 in Dodging
 28873 | Spider:4 | Noticed an emperor scorpion
 28878 | Spider:4 | Reached XP level 16. HP: 129/141 MP: 21/25
 28909 | Spider:4 | Reached skill level 4 in Dodging
 28959 | Spider:3 | HP: 41/141 [poisoned by a ghost moth]
 28964 | Spider:3 | HP: 34/141 [poisoned by a ghost moth]
 28969 | Spider:3 | HP: 30/141 [poisoned by a ghost moth]
 28975 | Spider:3 | HP: 27/141 [poisoned by a ghost moth]
 28980 | Spider:3 | HP: 26/141 [poisoned by a ghost moth]
 28985 | Spider:3 | HP: 26/141 [poisoned by a ghost moth]
 28992 | Spider:3 | HP: 26/141 [poisoned by a ghost moth]
 29000 | Spider:3 | HP: 27/141 [poisoned by a ghost moth]
 29459 | Spider:4 | Reached skill level 13 in Fighting
 29522 | Spider:4 | Reached skill level 5 in Dodging
 30522 | Spider:3 | Reached skill level 6 in Dodging
 30850 | Spider:4 | Reached skill level 14 in Fighting
 30856 | Spider:4 | Got a gossamer rune of Zot
 31565 | Spider:3 | Reached skill level 7 in Dodging
 31758 | D:10     | Killed Snorg
 31832 | D:10     | Killed Fannar
 31977 | D:10     | Noticed Nergalle
 32038 | D:10     | Killed Nergalle
 32293 | D:10     | Got a ring of the Octopus King
 32296 | D:10     | Identified a ring of the Octopus King {SustAt AC+1 EV+1 Str+1 Int+1 Dex+1} (You found it on level 10 of the Dungeon)
 32741 | Shoals:1 | Entered Level 1 of the Shoals
 32799 | Shoals:1 | Reached skill level 15 in Fighting
 32894 | Shoals:1 | Reached skill level 1 in Evocations
 33039 | Shoals:1 | Found Aceywker's Antique Armour Shop.
 33099 | Shoals:1 | Reached skill level 1 in Charms
 33109 | Shoals:1 | Bought a pair of glowing boots for 153 gold pieces
 33202 | Shoals:1 | Reached XP level 17. HP: 103/156 MP: 16/26
 33206 | Shoals:1 | Reached skill level 2 in Evocations
 33632 | Shoals:2 | Found Dycahi's Gadget Emporium.
 33688 | Shoals:2 | Reached skill level 8 in Dodging
 33688 | Shoals:2 | Reached skill level 2 in Charms
 33924 | Shoals:2 | Reached skill level 3 in Evocations
 34154 | Shoals:1 | Bought a glowing cloak for 153 gold pieces
 34154 | Shoals:1 | Bought an embroidered cloak for 153 gold pieces
 34519 | Shoals:3 | Found Iqyurr's Antique Weapon Emporium.
 34578 | Shoals:3 | Noticed Mara
 34802 | Shoals:3 | Noticed Gorice's illusion
 35070 | Shoals:3 | Noticed Gorice's illusion
 35070 | Shoals:3 | Killed Mara
 35070 | Shoals:3 | Reached skill level 9 in Dodging
 35070 | Shoals:3 | Reached skill level 4 in Evocations
 35334 | Shoals:3 | Found Yde Usog's Weapon Boutique.
 35594 | Shoals:4 | Entered Level 4 of the Shoals
 36036 | Shoals:3 | Upgraded the game from 0.19-a0-607-g42021f0 to 0.19-a0-628-g9200b3b
 36042 | Shoals:4 | Reached skill level 5 in Evocations
 36631 | Shoals:4 | Noticed Ilsuiw
 36704 | Shoals:3 | Killed Ilsuiw
 36704 | Shoals:3 | Reached skill level 10 in Dodging
 37110 | Shoals:4 | Reached skill level 6 in Evocations
 37768 | Shoals:4 | Got an ichor-stained hand axe
 37959 | Shoals:4 | Got a barnacled rune of Zot
 38196 | Shoals:3 | Reached skill level 7 in Evocations
 38199 | Shoals:3 | Reached XP level 18. HP: 121/163 MP: 24/27
 38652 | D:12     | Reached skill level 11 in Dodging
 39082 | D:12     | Found a hazy altar of Hepliaklqana.
 39596 | D:13     | Reached skill level 8 in Evocations
 39899 | D:13     | Found a gate to the Vaults.
 40308 | D:13     | Reached skill level 12 in Dodging
 41353 | D:14     | Found a blossoming altar of Fedhas.
 41416 | D:14     | Reached skill level 9 in Evocations
 41693 | Lair:1   | Learned a level 2 spell: Swiftness
 41699 | Lair:1   | Learned a level 5 spell: Aura of Abjuration
 41776 | D:15     | Entered Level 15 of the Dungeon
 42249 | D:15     | Reached skill level 13 in Dodging
 42422 | D:15     | Found a sparkling altar of Nemelex Xobeh.
 42547 | D:15     | Found a staircase to the Depths.
 42627 | Vaults:1 | Entered Level 1 of the Vaults
 42705 | Vaults:1 | Reached XP level 19. HP: 126/170 MP: 22/28
 43158 | Vaults:1 | Reached skill level 10 in Evocations
 43638 | Vaults:1 | Reached skill level 14 in Dodging
 44529 | Vaults:2 | HP: 15/170 [stone giant (41)]
 44532 | Vaults:2 | HP: 3/170 [stone giant/large rock (35)]
 45413 | Vaults:2 | Reached skill level 11 in Evocations
 45617 | Vaults:2 | Upgraded the game from 0.19-a0-628-g9200b3b to 0.19-a0-644-gd04d753
 45673 | Vaults:2 | HP: 48/169 [cyclops (14)]
 46210 | Vaults:2 | Reached skill level 15 in Dodging
 46775 | Vaults:3 | Reached XP level 20. HP: 178/178 MP: 29/29
 47502 | Vaults:3 | Reached skill level 12 in Evocations
 47507 | Vaults:3 | Reached skill level 3 in Charms
 47782 | Vaults:3 | Found a staircase to the Crypt.
 47950 | Vaults:3 | Reached skill level 16 in Dodging
 47970 | Vaults:3 | Reached skill level 4 in Charms
 48163 | Vaults:3 | Reached skill level 1 in Air Magic
 48264 | Vaults:3 | Found Qinlagust's General Store.
 48599 | Vaults:4 | Reached skill level 2 in Spellcasting
 48647 | Vaults:4 | Reached skill level 2 in Air Magic
 48653 | Vaults:4 | Reached skill level 5 in Charms
 49213 | Vaults:4 | Reached skill level 3 in Air Magic
 49392 | Vaults:4 | Reached skill level 6 in Charms
 49567 | Vaults:4 | Reached skill level 5 in Summonings
 49631 | Vaults:4 | HP: 53/178 [poisoned by a wolf spider]
 49637 | Vaults:4 | HP: 48/178 [crystal guardian/crystal bolt (6)]
 49842 | Vaults:4 | HP: 45/178 [deep elf archer/arrow[an ironheart preserver] (21)]
 50401 | Vaults:4 | Found Lezierch's Book Shoppe.
 50440 | Vaults:4 | Reached skill level 3 in Spellcasting
 50526 | Vaults:4 | Reached skill level 4 in Air Magic
 50593 | Vaults:4 | Reached XP level 21. HP: 179/184 MP: 30/30
 51129 | Crypt:1  | Entered Level 1 of the Crypt
 51332 | Crypt:1  | Reached skill level 7 in Charms
 51501 | Crypt:1  | Reached skill level 5 in Air Magic
 51642 | Crypt:1  | Reached skill level 6 in Summonings
 52299 | Crypt:2  | Reached skill level 8 in Charms
 52390 | Crypt:2  | Identified 2 scrolls of acquirement
 52396 | Crypt:2  | Got a faintly humming crystal plate armour
 52397 | Crypt:2  | Identified the +11 crystal plate armour of the Crushed Gods {rElec rN+ rCorr Dex-5} (You acquired it on level 2 of the Crypt)
 52509 | Crypt:2  | Noticed Khufu
 52509 | Crypt:2  | Noticed a greater mummy
 52593 | Crypt:1  | Killed a greater mummy
 52593 | Crypt:1  | HP: 53/184 [torment (18)]
 52593 | Crypt:1  | Reached skill level 6 in Air Magic
 52946 | Crypt:1  | HP: 51/184 [emperor scorpion[Khufu] (12)]
 53339 | Crypt:1  | Upgraded the game from 0.19-a0-644-gd04d753 to 0.19-a0-659-g8260ecf
 53355 | Crypt:1  | Reached skill level 4 in Spellcasting
 53834 | Orc:2    | Bought a manual of Throwing for 1656 gold pieces
 54292 | Crypt:2  | Noticed Margery
 54354 | Crypt:1  | HP: 53/184 [hell knight/demon whip of flaming[Margery] (8)]
 54363 | Crypt:1  | Reached skill level 8 in Throwing
 54685 | Crypt:1  | Killed Margery
 54806 | Crypt:1  | Identified a +9 executioner's axe of holy wrath (a +7 executioner's axe of chopping blessed by the Shining One)
 54806 | Crypt:1  | Received a gift from the Shining One
 54813 | Crypt:1  | Killed Khufu
 54813 | Crypt:1  | Reached skill level 9 in Throwing
 54814 | Crypt:1  | --Heh HWrath branding my exe axe in Khufu's face
 54814 | Crypt:1  | --gave a free Holy Word -> dead Khufu!
 55046 | Crypt:2  | Found a basalt altar of Yredelemnul.
 55367 | Crypt:3  | Entered Level 3 of the Crypt
 55479 | Crypt:3  | Reached skill level 10 in Throwing
 55520 | Crypt:3  | Reached XP level 22. HP: 190/192 MP: 31/31
 55843 | Crypt:3  | Reached skill level 21 in Axes
 55850 | Crypt:3  | Reached skill level 11 in Throwing
 55876 | Crypt:3  | Found an ancient bone altar of Kikubaaqudgha.
 56034 | Crypt:3  | Noticed an ancient lich
 56070 | Crypt:3  | Reached skill level 12 in Throwing
 56540 | Crypt:3  | Killed an ancient lich
 56697 | Crypt:3  | Reached skill level 13 in Throwing
 57135 | Crypt:3  | Reached skill level 22 in Axes
 57158 | Crypt:3  | Got a crude cloak
 57198 | Crypt:3  | Identified the cursed +0 cloak "Migouthre" {rN++} (You found it on level 3 of the Crypt)
 57201 | Crypt:3  | Got a sparkling marble ring
 57201 | Crypt:3  | Got a heavily runed lead ring
 57202 | Crypt:3  | Identified the ring "Qoatzir" {rN+ Str-5 Int+2 Dex+2 Stlth+} (You found it on level 3 of the Crypt)
 57203 | Crypt:3  | Identified the ring "Kuiveunu" {rC- rN+ Int+5} (You found it on level 3 of the Crypt)
 57423 | Crypt:3  | Found a staircase to the Tomb.
 57799 | Elf:1    | Entered Level 1 of the Elven Halls
 58447 | Elf:1    | Reached skill level 14 in Throwing
 59131 | Elf:2    | Found a runed gate.
 59131 | Elf:2    | Found a runed gate.
 59143 | Elf:2    | Found a runed gate.
 59179 | Elf:2    | Reached XP level 23. HP: 183/199 MP: 29/32
 59226 | Elf:2    | Found Tiss's Distillery.
 59244 | Elf:2    | Bought a potion of haste for 160 gold pieces
 59266 | Elf:2    | Noticed Agnes
 59267 | Elf:2    | Noticed Azrael
 59271 | Elf:2    | Killed Agnes
 59280 | Elf:2    | Killed Azrael
 59282 | Elf:2    | Found Seduskea's General Store.
 59308 | Elf:2    | Bought a scroll of recharging for 123 gold pieces
 59308 | Elf:2    | Bought a potion of heal wounds for 65 gold pieces
 59333 | Elf:2    | Found Opaaloi's Food Emporium.
 59636 | Elf:2    | Found Nikig's Book Shop.
 59700 | Elf:2    | Found Zolodaoj's Book Shoppe.
 59950 | Elf:2    | Reached skill level 23 in Axes
 60578 | Elf:2    | Gained mutation: Your magical capacity is low. (-10% MP) [a neqoxec]
 60977 | Elf:3    | Entered Level 3 of the Elven Halls
 61121 | Elf:3    | Identified the Guide on Envenoming and Shape Shifting
 61437 | Elf:3    | Reached skill level 24 in Axes
 61445 | Elf:3    | HP: 57/199 [small abomination[a deep elf death mage] (7)]
 61448 | Elf:3    | HP: 24/199 [deep elf blademaster/rapier (12)]
 61453 | Elf:3    | HP: 45/199 [small abomination[a deep elf death mage] (8)]
 61458 | Elf:3    | HP: 53/199 [deep elf blademaster/rapier (7)]
 61467 | Elf:3    | HP: 49/199 [deep elf blademaster/rapier (9)]
 62314 | Elf:3    | Got a sparkling steel ring
 62589 | Elf:3    | HP: 56/199 [deep elf master archer/arrow (6)]
 62608 | Elf:3    | HP: 49/199 [deep elf master archer/arrow (15)]
 62609 | Elf:3    | Reached skill level 25 in Axes
 63068 | Elf:3    | Identified the ring "Zuishemu" {*Contam rN++ MP+9 Slay+5 Stlth+} (You took it off a deep elf annihilator on level 3 of the Elven Halls)
 63884 | Elf:3    | Got a smoking cloak
 63923 | Elf:3    | Identified the +0 cloak "Fojyohev" {rF+ rC- rN+ rCorr} (You found it on level 3 of the Elven Halls)
 63981 | Elf:3    | Identified the Volume of Toxins and Orientation (You found it on level 3 of the Elven Halls)
 64299 | Depths:1 | Entered Level 1 of the Depths
 64487 | Depths:1 | Found a gateway to Hell.
 64739 | Depths:1 | Found a one-way gate to the infinite horrors of the Abyss.
 64840 | Depths:1 | Found a one-way gate leading to the halls of Pandemonium.
 65711 | Depths:2 | Reached skill level 26 in Axes
 65711 | Depths:2 | Reached XP level 24. HP: 179/206 MP: 25/28
 65740 | Depths:2 | Found a gateway to a ziggurat.
 66130 | Depths:2 | Noticed a caustic shrike
 66142 | Depths:2 | Killed a caustic shrike
 66142 | Depths:2 | Reached skill level 17 in Armour
 66160 | Depths:2 | HP: 62/209 [vampire knight/broad axe (5)]
 67276 | Depths:2 | Found Piwiegoifu's Assorted Antiques.
 67281 | Depths:2 | Bought a steaming plate armour for 504 gold pieces
 67281 | Depths:2 | Bought a faintly glowing jade ring for 90 gold pieces
 67281 | Depths:2 | Identified the +0 plate armour of Feasting {rF- rN+ Regen+ Int+7} (You bought it in a shop on level 2 of the Depths)
 67282 | Depths:2 | Identified the ring "Dyzaol" {rPois rF+ Dex+2} (You bought it in a shop on level 2 of the Depths)
 67558 | Depths:2 | Reached skill level 16 in Fighting
 67755 | Depths:2 | Reached skill level 18 in Armour
 68672 | Depths:3 | Reached XP level 25. HP: 168/218 MP: 23/28
 69093 | Depths:3 | Reached skill level 19 in Armour
 69299 | Depths:3 | Reached skill level 17 in Fighting
 69430 | Depths:3 | Got a flickering lapis lazuli ring
 69492 | Depths:3 | Identified the ring "Soebor" {SustAt rElec} (You took it off a skeletal warrior on level 3 of the Depths)
 69504 | Depths:3 | Upgraded the game from 0.19-a0-659-g8260ecf to 0.19-a0-675-gf8984cf
 70558 | Depths:4 | Reached skill level 20 in Armour
 70836 | Depths:4 | Reached skill level 18 in Fighting
 70851 | Depths:4 | HP: 63/224 [golden dragon/bolt of cold (13)]
 70865 | Depths:4 | HP: 62/224 [ice dragon (2)]
 70874 | Depths:4 | HP: 60/224 [lich (5)]
 70887 | Depths:4 | HP: 64/224 [frost giant/bolt of cold (3)]
 71592 | Depths:4 | Reached skill level 21 in Armour
 72362 | Depths:5 | Entered Level 5 of the Depths
 72368 | Depths:4 | Reached XP level 26. HP: 215/234 MP: 28/28
 72804 | Depths:5 | Noticed Sojobo
 72844 | Depths:5 | Killed Sojobo
 73103 | Depths:4 | Reached skill level 19 in Fighting
 73137 | Depths:4 | Reached skill level 22 in Armour
 73392 | Depths:5 | Reached skill level 9 in Charms
 73485 | Depths:5 | Reached skill level 5 in Spellcasting
 73891 | Depths:5 | Found a gate to the Realm of Zot.
 74434 | Lair:1   | Learned a level 2 spell: Blink
 74651 | Vaults:5 | Entered Level 5 of the Vaults
 74703 | Vaults:4 | Reached skill level 1 in Translocations
 74711 | Vaults:4 | Reached skill level 6 in Spellcasting
 74769 | Vaults:4 | Reached skill level 10 in Charms
 74809 | Vaults:5 | Reached skill level 2 in Translocations
 74818 | Vaults:5 | HP: 62/238 [titan/the air (15)]
 74823 | Vaults:4 | HP: 41/238 [ironbrand convoker/great mace (3)]
 74834 | Vaults:4 | Reached skill level 20 in Fighting
 75228 | Vaults:4 | Reached skill level 3 in Translocations
 75232 | Vaults:4 | Reached XP level 27. HP: 212/246 MP: 25/29
 75501 | Vaults:5 | Reached skill level 7 in Spellcasting
 75508 | Vaults:4 | Reached skill level 4 in Translocations
 75941 | Vaults:4 | Reached skill level 11 in Charms
 75959 | Vaults:5 | Noticed an ancient lich
 76224 | Vaults:5 | Reached skill level 5 in Translocations
 76231 | Vaults:5 | Killed an ancient lich
 76236 | Vaults:5 | Reached skill level 8 in Spellcasting
 76642 | Vaults:5 | Reached skill level 6 in Translocations
 76757 | Vaults:5 | Got a silver rune of Zot
 76876 | Vaults:5 | Reached skill level 21 in Fighting
 77026 | Vaults:5 | Found Dairroxo's Food Shop.
 77375 | Vaults:5 | Reached skill level 7 in Translocations
 78199 | Slime:1  | Entered Level 1 of the Pits of Slime
 78229 | Slime:1  | Reached skill level 9 in Spellcasting
 78471 | Slime:3  | Gained mutation: You are occasionally teleported next to monsters. [a shining eye]
 78496 | Slime:5  | Entered Level 5 of the Pits of Slime
 78871 | Slime:5  | Reached skill level 8 in Translocations
 78975 | Slime:5  | Noticed the Royal Jelly
 78991 | Slime:5  | Found a viscous altar of Jiyva.
 79058 | Slime:5  | Killed the Royal Jelly
 79270 | Slime:5  | Got an ancient amber ring
 79282 | Slime:5  | Identified Kimuoba's Volume of the Voyage and Stolen Souls
 79284 | Slime:5  | Got a slimy rune of Zot
 79297 | Slime:5  | Got a brightly glowing battleaxe
 79303 | Slime:5  | Identified the +8 battleaxe "Kyugaen" {distort, Int+4} (You found it on level 5 of the Pits of Slime)
 79316 | Slime:5  | Gained mutation: You are frail. (-10% HP) [mutagenic glow]
 79339 | Slime:5  | Gained mutation: Your body sometimes deteriorates upon taking damage. [mutagenic glow]
 79693 | Lair:1   | Identified the ring of Isifof {rF+ rN+ Str+2} (You found it on level 5 of the Pits of Slime)
 79698 | Lair:1   | Lost mutation: Your body sometimes deteriorates upon taking damage. [potion of cure mutation]
 79698 | Lair:1   | Lost mutation: Your magical capacity is low. (-10% MP) [potion of cure mutation]
 79698 | Lair:1   | Lost mutation: You are frail. (-10% HP) [potion of cure mutation]
 79789 | Orc:2    | Bought a book of Enchantments for 750 gold pieces
 79796 | Orc:2    | Learned a level 6 spell: Haste
 79887 | Lair:1   | Learned a level 3 spell: Portal Projectile
 79902 | Lair:1   | Learned a level 3 spell: Recall
 79902 | Lair:1   | Upgraded the game from 0.19-a0-675-gf8984cf to 0.19-a0-683-g5f2401d
 80042 | Depths:1 | Reached skill level 2 in Stealth
 80061 | Depths:1 | Voluntarily entered the Abyss.
 80061 | Abyss:1  | Found a corrupted altar of Lugonu.
 80074 | Abyss:2  | Found a corrupted altar of Lugonu.
 80151 | Abyss:3  | Found a corrupted altar of Lugonu.
 80184 | Abyss:3  | Found a burning altar of Makhleb.
 80193 | Abyss:3  | HP: 74/254 [??? (37)]
 80210 | Abyss:3  | HP: 50/254 [??? (24)]
 80271 | Abyss:3  | Found a corrupted altar of Lugonu.
 80364 | Abyss:3  | Reached skill level 3 in Stealth
 80373 | Abyss:3  | Found a burning altar of Makhleb.
 80387 | Abyss:3  | Reached skill level 22 in Fighting
 80419 | Abyss:3  | Found a corrupted altar of Lugonu.
 80503 | Abyss:3  | Reached skill level 4 in Stealth
 80529 | Abyss:3  | Reached skill level 9 in Translocations
 80550 | Abyss:3  | Reached skill level 10 in Spellcasting
 80707 | Abyss:3  | Reached skill level 5 in Stealth
 80859 | Abyss:3  | Paralysed by accursed screaming for 1 turns
 81009 | Abyss:3  | Reached skill level 6 in Stealth
 81138 | Abyss:3  | Got a bloodstained chain mail
 81146 | Abyss:3  | Identified the +6 chain mail "Mibioq" {rPois rC+ MR+ Stlth+} (You found it on level 3 of the Abyss)
 81254 | Abyss:3  | Found a corrupted altar of Lugonu.
 81271 | Abyss:3  | Found a hazy altar of Hepliaklqana.
 81402 | Abyss:3  | Reached skill level 7 in Stealth
 81651 | Abyss:3  | Reached skill level 8 in Stealth
 81831 | Abyss:4  | Reached skill level 10 in Translocations
 81866 | Abyss:4  | Paralysed by accursed screaming for 1 turns
 81981 | Abyss:4  | Learned a level 1 spell: Apportation
 81999 | Abyss:4  | Learned a level 4 spell: Passage of Golubria
 82153 | Abyss:4  | Reached skill level 7 in Summonings
 82201 | Abyss:4  | Reached skill level 9 in Stealth
 82248 | Abyss:4  | HP: 68/254 [??? (34)]
 82258 | Abyss:4  | HP: 68/254 [tentacled starspawn (13)]
 82446 | Abyss:4  | Reached skill level 11 in Spellcasting
 82524 | Abyss:4  | Reached skill level 8 in Summonings
 82544 | Abyss:4  | Found a glowing golden altar of the Shining One.
 82592 | Abyss:4  | Noticed a juggernaut
 82598 | Abyss:4  | Killed a juggernaut
 82604 | Abyss:4  | Got an abyssal rune of Zot
 82619 | Abyss:4  | Paralysed by accursed screaming for 1 turns
 82659 | Abyss:4  | Paralysed by accursed screaming for 1 turns
 82745 | Abyss:4  | HP: 75/254 [bone dragon (4)]
 82750 | Abyss:4  | HP: 56/254 [bone dragon (6)]
 82752 | Abyss:4  | Reached skill level 10 in Stealth
 82761 | Abyss:4  | HP: 60/203 [tentacled starspawn (5)]
 82766 | Abyss:4  | HP: 46/203 [starcursed mass/accursed screaming (6)]
 82782 | Abyss:4  | HP: 52/254 [spatial maelstrom (3)]
 82799 | Abyss:4  | Found a corrupted altar of Lugonu.
 82822 | Abyss:4  | HP: 67/254 [tentacled starspawn (19)]
 82823 | Abyss:4  | Reached skill level 9 in Summonings
 83126 | Depths:1 | Escaped the Abyss
 83285 | Pan      | Entered Pandemonium
 83288 | Pan      | Noticed Dugoc the pandemonium lord
 83310 | Pan      | Killed Dugoc the pandemonium lord
 83396 | Pan      | Reached skill level 10 in Summonings
 83396 | Pan      | Reached skill level 12 in Charms
 83398 | Pan      | Reached skill level 11 in Stealth
 83444 | Pan      | Got a demonic rune of Zot
 83445 | Pan      | Upgraded the game from 0.19-a0-683-g5f2401d to 0.19-a0-687-g35db334
 83505 | Pan      | Found an exit through the horrors of the Abyss.
 83530 | Pan      | Learned a level 1 spell: Summon Butterflies
 83755 | Pan      | Found an exit through the horrors of the Abyss.
 83884 | Pan      | Noticed Xusungog the pandemonium lord
 83893 | Pan      | Killed Xusungog the pandemonium lord
 83911 | Pan      | Reached skill level 11 in Summonings
 84037 | Pan      | Noticed Jutaes the pandemonium lord
 84053 | Pan      | Killed Jutaes the pandemonium lord
 84206 | Pan      | Reached skill level 12 in Spellcasting
 84235 | Pan      | Noticed Laqo the pandemonium lord
 84254 | Pan      | Killed Laqo the pandemonium lord
 84449 | Pan      | Reached skill level 12 in Summonings
 84506 | Pan      | Noticed Dutuecat the pandemonium lord
 84554 | Pan      | Cast into level 4 of the Abyss (Dutuecat)
 84757 | Abyss:4  | Reached skill level 13 in Charms
 84796 | Pan      | Escaped the Abyss
 84809 | Pan      | Found an exit through the horrors of the Abyss.
 84815 | Pan      | Killed Dutuecat the pandemonium lord
 85072 | Pan      | Gained mutation: You are frail. (-10% HP) [a neqoxec]
 85095 | Pan      | HP: 59/228 [??? (29)]
 85103 | Pan      | HP: 55/228 [??? (28)]
 85174 | Depths:1 | Escaped Pandemonium
 85208 | Pan      | Entered Pandemonium
 85272 | Pan      | Reached skill level 13 in Summonings
 85714 | Pan      | Lost mutation: You are occasionally teleported next to monsters. [potion of cure mutation]
 85714 | Pan      | Lost mutation: You are frail. (-10% HP) [potion of cure mutation]
 85844 | Pan      | Found a glowing silver altar of Zin.
 86107 | Depths:1 | Escaped Pandemonium
 86112 | Pan      | Entered Pandemonium
 86186 | Pan      | Found an exit through the horrors of the Abyss.
 86247 | Pan      | HP: 64/254 [gelid demonspawn/trident (13)]
 86252 | Pan      | HP: 45/254 [poisoned by a reaper]
 86257 | Pan      | HP: 43/254 [poisoned by a reaper]
 86262 | Pan      | HP: 43/254 [poisoned by a reaper]
 86566 | Pan      | Reached skill level 14 in Summonings
 86848 | Pan      | Noticed Mennas
 86891 | Pan      | Killed Mennas
 86900 | Pan      | Found an exit through the horrors of the Abyss.
 86959 | Pan      | HP: 71/254 [sun demon (8)]
 86966 | Pan      | HP: 64/254 [sun demon (2)]
 86969 | Pan      | HP: 28/254 [??? (13)]
 87011 | Pan      | HP: 63/254 [??? (32)]
 87247 | Pan      | Noticed Nozaopsos the pandemonium lord
 87263 | Pan      | Killed Nozaopsos the pandemonium lord
 87354 | Depths:1 | Escaped Pandemonium
 87359 | Pan      | Entered Pandemonium
 87390 | Pan      | Reached skill level 14 in Charms
 87416 | Pan      | Found a runed door.
 87440 | Pan      | Noticed Couduw the pandemonium lord
 87556 | Pan      | Reached skill level 13 in Spellcasting
 87628 | Pan      | Reached skill level 15 in Summonings
 87904 | Pan      | Found an exit through the horrors of the Abyss.
 87938 | Pan      | Found an exit through the horrors of the Abyss.
 88466 | Pan      | Reached skill level 15 in Charms
 88582 | Pan      | Identified the Grimoire of Talismans and Combat Magic (You found it in Pandemonium)
 88622 | Pan      | Found an exit through the horrors of the Abyss.
 88739 | Pan      | Noticed Uzixuax the pandemonium lord
 88752 | Pan      | Killed Uzixuax the pandemonium lord
 88905 | Pan      | Entered the realm of Gloorx Vloq.
 88906 | Pan      | --At last a Pan Lord, would have to be Gloorx tho'
 89373 | Pan      | Reached skill level 16 in Summonings
 89460 | Pan      | Reached skill level 16 in Charms
 89506 | Pan      | Noticed Gloorx Vloq
 89516 | Pan      | HP: 59/253 [Gloorx Vloq/foul vapour (20)]
 89526 | Pan      | Got a dark rune of Zot
 89559 | Depths:1 | Escaped Pandemonium
 89727 | Pan      | Entered Pandemonium
 89786 | Pan      | Found an exit through the horrors of the Abyss.
 90015 | Pan      | Found an exit through the horrors of the Abyss.
 90016 | Pan      | Noticed Uluit the pandemonium lord
 90034 | Pan      | Killed Uluit the pandemonium lord
 90049 | Pan      | Reached skill level 14 in Spellcasting
 90096 | Depths:1 | Escaped Pandemonium
 90102 | Pan      | Entered Pandemonium
 90250 | Pan      | Found an exit through the horrors of the Abyss.
 90332 | Pan      | HP: 71/254 [??? (36)]
 90341 | Pan      | Noticed Ekuvidd the pandemonium lord
 90348 | Pan      | Found an ancient bone altar of Kikubaaqudgha.
 90364 | Pan      | Killed Ekuvidd the pandemonium lord
 90395 | Pan      | HP: 74/254 [Brimstone Fiend/damnation (37)]
 90442 | Pan      | Identified a +4 rod of shadows (12/12) (You found it in Pandemonium)
 90653 | Pan      | Found an exit through the horrors of the Abyss.
 90770 | Pan      | Noticed Roluent the pandemonium lord
 90791 | Pan      | Killed Roluent the pandemonium lord
 90791 | Pan      | Reached skill level 17 in Charms
 90874 | Depths:1 | Escaped Pandemonium
 91004 | Pan      | Entered the realm of Mnoleg.
 91004 | Pan      | Entered Pandemonium
 91080 | Pan      | Identified Irphuw's Volume of Earth and the Glacier
 91138 | Pan      | Reached skill level 17 in Summonings
 91479 | Pan      | Noticed Mnoleg
 91506 | Pan      | Killed Mnoleg
 91557 | Pan      | Reached skill level 18 in Charms
 91635 | Pan      | Got a glowing rune of Zot
 92053 | Pan      | Entered the realm of Lom Lobon.
 92133 | Pan      | Found an exit through the horrors of the Abyss.
 92936 | Pan      | Reached skill level 15 in Spellcasting
 92946 | Pan      | Noticed Lom Lobon
 92974 | Pan      | Killed Lom Lobon
 92988 | Pan      | Got a magical rune of Zot
 93125 | Pan      | Reached skill level 19 in Charms
 93431 | Pan      | Noticed Liroga the pandemonium lord
 93444 | Pan      | Killed Liroga the pandemonium lord
 93737 | Pan      | Noticed Waent the pandemonium lord
 93748 | Pan      | Killed Waent the pandemonium lord
 93883 | Pan      | Learned a level 3 spell: Spectral Weapon
 94034 | Pan      | Noticed Jukoenke the pandemonium lord
 94110 | Pan      | Reached skill level 20 in Charms
 94113 | Pan      | HP: 67/254 [Brimstone Fiend/damnation (35)]
 94299 | Pan      | Killed Jukoenke the pandemonium lord
 94426 | Depths:1 | Escaped Pandemonium
 94443 | Pan      | Entered Pandemonium
 94462 | Pan      | Reached skill level 1 in Hexes
 94547 | Pan      | Reached skill level 2 in Hexes
 94615 | Pan      | Reached skill level 3 in Hexes
 94890 | Pan      | HP: 69/254 [??? (35)]
 94895 | Pan      | HP: 63/254 [balrug/demon whip of freezing (4)]
 94900 | Pan      | HP: 29/254 [Hell Sentinel/damnation (32)]
 94911 | Pan      | HP: 60/254 [chaos spawn (9)]
 94916 | Pan      | HP: 55/254 [large abomination (12)]
 94933 | Pan      | HP: 75/254 [blizzard demon/bolt of lightning (2)]
 95158 | Pan      | Noticed Cehish the pandemonium lord
 95168 | Pan      | Killed Cehish the pandemonium lord
 95220 | Pan      | Reached skill level 15 in Throwing
 95220 | Pan      | Reached skill level 16 in Spellcasting
 95247 | Pan      | Entered the realm of Cerebov.
 95247 | Pan      | Found an exit through the horrors of the Abyss.
 95596 | Pan      | Reached skill level 11 in Translocations
 95817 | Pan      | Got a wavering jade ring
 95836 | Pan      | Identified the ring of Mysticism {Fire -Tele Str+2 Int+7 Stlth+} (You took it off an efreet in Pandemonium)
 96062 | Pan      | Noticed Cerebov
 96099 | Pan      | Killed Cerebov
 96099 | Pan      | Reached skill level 12 in Translocations
 96141 | Pan      | Identified a +4 rod of shadows (6/12) {!a} (You took it off a balrug in Pandemonium)
 96245 | Pan      | Got a fiery rune of Zot
 96565 | Pan      | Took an exit into the Abyss.
 96565 | Abyss:1  | Escaped into the Abyss
 96632 | Depths:1 | Escaped the Abyss
 96785 | Hell     | Entered the Vestibule of Hell
 96785 | Hell     | Noticed Geryon
 96797 | Hell     | Killed Geryon
 96880 | Hell     | Reached skill level 17 in Spellcasting
 96916 | Hell     | Found a gateway to the Iron City of Dis.
 96952 | Hell     | Found a gateway to the freezing wastes of Cocytus.
 96955 | Hell     | Reached skill level 13 in Translocations
 97033 | Hell     | Found a gateway to the decaying netherworld of Tartarus.
 97095 | Hell     | Found a gateway to the ashen valley of Gehenna.
 97394 | Dis:1    | Entered Level 1 of the Iron City of Dis
 97430 | Dis:1    | Reached skill level 21 in Charms
 97676 | Hell     | --Phew!
 98282 | Dis:3    | Reached skill level 14 in Translocations
 98802 | Dis:5    | HP: 69/253 [iron giant/iron shot (39)]
 98810 | Dis:5    | HP: 56/256 [iron giant/dire flail (31)]
 98817 | Dis:5    | HP: 60/256 [stone giant[an iron giant] (20)]
 98824 | Dis:5    | HP: 38/256 [iron giant's throw (28)]
 98830 | Dis:5    | HP: 29/256 [something (22)]
 98831 | Dis:5    | HP: 8/256 [iron giant/dire flail (44)]
 99395 | Dis:5    | Reached skill level 23 in Fighting
 99408 | Dis:5    | Cast into level 2 of the Abyss (reaper)
 99408 | Abyss:2  | Found a corrupted altar of Lugonu.
 99454 | Dis:5    | Escaped the Abyss
 99656 | Dis:7    | Entered Level 7 of the Iron City of Dis
100231 | Dis:7    | Reached skill level 23 in Armour
100306 | Dis:7    | Reached skill level 24 in Fighting
100688 | Dis:7    | Identified a +4 rod of shadows (12/12) (You found it on level 7 of the Iron City of Dis)
100764 | Dis:7    | Got a sparkling tin ring
100775 | Dis:7    | Identified the ring of Ceviostru {*Drain rF++ Dex+2 Slay+3} (You found it on level 7 of the Iron City of Dis)
100833 | Dis:7    | Got an ancient steam dragon armour
100837 | Dis:7    | Identified the +2 steam dragon armour "Tias" {-Tele rCorr Str+2} (You found it on level 7 of the Iron City of Dis)
100991 | Dis:7    | Noticed Dispater
101013 | Dis:7    | Killed Dispater
101092 | Dis:7    | Got an iron rune of Zot
101459 | Coc:1    | Entered Level 1 of Cocytus
101576 | Coc:4    | Reached skill level 24 in Armour
101628 | Coc:4    | Reached skill level 25 in Fighting
101961 | Coc:6    | HP: 77/266 [shard shrike (25)]
101962 | Coc:6    | HP: 5/266 [shard shrike/shard of ice (53)]
101962 | Coc:6    | Annihilated by a shard shrike

Vault maps used:
D:1:      dpeg_arrival_rooms_b, st_stairs_9, nrook_loot_triangle
D:2:      overflow_temple_1_default, ashenzari_conservatory_becter,
          vehumet_crystals, nicolae_overflow_crystal_walls,
          gammafunk_temple_overflow_pools, ecumenical_altar_1,
          hangedman_decor_opposing
D:3:      lemuel_crystal_altar, overflow_temple_1_default, uniq_grinder
D:4:      nicolae_ru_awakened_eye, first_bread, minmay_misc_feat_five
D:5:      lemuel_zombie_altar_kikubaaqudgha, lemuel_crystal_altar,
          uniq_crazy_yiuf_cottage, uniq_sigmund, uniq_prince_ribbit1
D:6:      basic_altar, makhleb_blood_cavern_becter
D:7:      kennysheep_ying_yang, grunt_gozag_statues, tgw_sif,
          minmay_temple_entry_glass, uniq_pikel
D:8:      grunt_pizzeria, johnstein_pakellas_death_squad, uniq_joseph
D:10:     uniq_maurice, uniq_fannar, uniq_psyche, uniq_snorg, uniq_nergalle
D:11:     erik_lair_island, erik_orc_4, lab_entry_generic, enter_trove_3
D:12:     basic_altar
D:13:     grunt_vaults_entry_tiered, kennysheep_opposing_triangles
D:14:     serial_park_square1, basic_altar
D:15:     hangedman_depths_entry_civil_slaughter, minmay_misc_feat_enclosed,
          nemelex_altar_shiori
Lair:1:   beast_lair_carwin_7, lemuel_fruit_fields
Lair:2:   grunt_forest_large_clearings, uniq_erica
Lair:3:   grunt_forest_stairs_clearing, serial_bayou_shore_a,
          serial_bayou_shore_b, infiniplex_staircase_pool_2,
          lemuel_fruit_fields, grunt_megastairs_1
Lair:4:   minmay_shoals_entry_lonely_mermaid, nicolae_spider_entry_orb_guardian,
          bh_autumn_forest_stairs, serial_bayou_shore_b
Lair:5:   minmay_lair_drake_nest, uniq_josephine
Lair:6:   minmay_lair_end_enchanted_forest, minmay_slime_entry_eyes
Shoals:1: nicolae_shoals_c_island
Shoals:2: serial_shops, shop
Shoals:3: serial_shops, nicolae_shop_stone, nicolae_shop_behind_doors,
          nicolae_shoals_water_elemental_grotto, uniq_mara
Shoals:4: shoals_end_grunt_garden, shoals_ilsuiw_alternative,
          nicolae_shoals_isolated_beach
Spider:1: guppyfry_spider_mini_1
Spider:2: spider_trap, hangedman_spider_trapstep
Spider:4: grunt_spider_rune_circles, nicolae_arachne_temple
Slime:1:  cheibrodos_slime_lost_civilization_7
Orc:2:    st_orc_town
Elf:1:    hangedman_elf_disciples, minivault_16, grunt_ministairs_3,
          eino_tiny_chamber, minmay_misc_feat_alley, hex_tiny,
          nicolae_elf_big_sculpture_3, onia_ninara_cookie
Elf:2:    serial_shops, nicolae_shop_window_shopping, shop, shop, shop,
          nicolae_shop_statue_plus, moated_statue, library_closet,
          serial_sigils_hangedman_gnaw, uniq_agnes, uniq_azrael
Elf:3:    minmay_elf_hall_quartered_circle, basic_stair_grate_trap
Vaults:1: vaults_dpeg_hooks, grunt_vaults_hallway_long, v_alt_pattern_2,
          vaults_mumra_chevron, v_misc_17, nicolae_vaults_little_ls,
          vaults_room_corners, vaults_mumra_lcd, nicolae_vaults_statue_guard,
          nicolae_vaults_mini_display_case, vaults_room_ringed_pool
Vaults:2: nicolae_vaults_disjoint_gnomons, nicolae_vaults_circle_grid_b,
          vaults_dpeg_ring, dpeg_vaults_monster_box,
          nicolae_vaults_network_periphery, v_misc_9, nicolae_vaults_murderbox
Vaults:3: nicolae_vaults_angled_halls, minmay_crypt_entry_simple_box,
          nicolae_vaults_circle_grid_a, vaults_room_octagon, stair_cage_open,
          nicolae_vaults_little_squares_2, hangedman_vaults_restitches,
          nicolae_vaults_little_squares_2, nicolae_vaults_ninety_degrees,
          v_misc_26, vaults_mumra_hexcomb, nicolae_vaults_specimen_jars,
          grunt_vaults_swirl, v_rooms_3, vaults_room_fancy_cross, serial_shops,
          shop
Vaults:4: vaults_mumra_bighexcomb, grunt_vaults_diagonal, v_misc_16,
          ontoclasm_vaults_tryst, v_alt_pattern_3, vaults_room_hallway,
          v_pattern_2, vaults_room_grid, vaults_room_pools, vaults_room_corners,
          nicolae_vaults_rhombus_7, serial_shops, nicolae_shop_trees
Vaults:5: serial_shops
Crypt:1:  minicrypt_bobbens
Crypt:2:  minmay_misc_feat_pillars, lemuel_mausoleum_altar_yredelemnul,
          uniq_khufu, uniq_margery
Crypt:3:  church_of_pain_bobbens, tomb_entry_forgotten_bobbens, serial_glass,
          glass_columns_b, glass_columns_c, feat_on_display
Depths:1: grunt_pan_entry_in_and_out, abyss_entry,
          pf_vacation_house_of_asmodeus, serial_bayou_pond_d,
          minmay_misc_feat_plants, minmay_fountain_box,
          kennysheep_underground_church, firewood_loft
Depths:2: hangedman_box_tower, enter_ziggurat_b, bh_walls_and_bars,
          grunt_hell_entry_dis_grunt, serial_shops, nicolae_shop_behind_doors,
          grunt_decor_fettered, infiniplex_staircase_door_maze
Depths:3: hangedman_six_sided_sadism, grunt_pan_entry_zigzag, dk_noncrumbling_4,
          pf_hell_entry_tar_river
Depths:4: grunt_house_of_mirrors, hangedman_coc_ice_floe, abyss_entry_crystal,
          kennysheep_inner_square, infiniplex_staircase_split_hallway
Depths:5: grunt_zot_entry_alcove, hellmouth_1, uniq_sojobo
Dis:3:    evilmike_ambush
Dis:5:    grunt_dis_stairs_iron_hall
Dis:7:    iron_city_of_dis
Abyss:1:  hangedman_abyss_or_decor_jellyfish_corner,
          evilmike_abyss_exit_mutagenic
Abyss:2:  bh_abyss_exit_grid, abyss_exit_lava
Abyss:4:  minivault_22, grunt_abyss_rune_forest_and_sorcery,
          hangedman_abyss_shoalhut, hangedman_shadowy_showcase,
          hangedman_abyss_or_decor_stabs, abyss_greek_temple,
          evilmike_abyss_exit_14
Pan:      grunt_pan_frozen_over, pan_blood_fountain_2, nicolae_pan_mnolegish_4,
          nicolae_pan_sick_transit, evilmike_mini_pan_corridor,
          pan_blood_fountain_2, pan_blood_fountain_small, grunt_pan_spiral,
          grunt_pan_sceptre, pan_blood_fountain_2, nicolae_pan_diamonds,
          evilmike_holy_pan, grunt_pan_sceptre, pan_blood_fountain,
          nicolae_pan_giant_door, nicolae_pan_sigil_obb, rand_demon_9,
          evilmike_mini_pan_doors, uniq_mennas_pan,
          nicolae_pan_gloorx_vloqian_1, grunt_pan_sceptre, pan_blood_fountain_2,
          rand_demon_9, nicolae_pan_hourglass, rand_demon_7,
          evilmike_mini_pan_3x3, evilmike_mini_pan_thingy,
          nicolae_pan_sigil_eeng, evilmike_mini_pan_pillars,
          nicolae_pan_sigil_obb, evilmike_mini_pan_other_thingy,
          grunt_pan_pentagram, grunt_pan_pentagram, evilmike_gloorx_vloq_box,
          pan_blood_fountain, nicolae_pan_mnolegish_5, lemuel_hellion_island,
          rand_demon_2, evilmike_mini_pan_pillars_b, pan_blood_fountain_small,
          grunt_pan_pentagram, grunt_pan_sceptre, evilmike_mnoleg_eyes,
          rand_demon_7, rand_demon_5, lom_lobon_grunt, evilmike_mini_pan_V,
          nicolae_pan_mnolegish_3, evilmike_mini_pan_other_thingy, rand_demon_4,
          nicolae_pan_sigil_nadil, nicolae_pan_sick_transit, rand_demon_2,
          nicolae_pan_hourglass, nicolae_pan_mnolegish_5, evilmike_mini_pan_T,
          nicolae_pan_door_chamber, nicolae_pan_gloorx_vloqian_4,
          nicolae_pan_sigil_nadil, pan_surprise, evilmike_mini_pan_doors,
          pan_blood_fountain_small, cerebov_grunt, nicolae_pan_gloorx_vloqian_1

Skill      XL: |  1  2  3  4  5  6  7  8  9 10 11 12 13 14 15 16 17 18 19 20 21 22 23 24 25 26 27 |
---------------+----------------------------------------------------------------------------------+-----
Fighting       | 1 2 3 5 6 7 9 10 12 15 16 18 20 25 | 25.3
Armour         | 1 3 4 6 8 9 12 15 16 18 21 22 24 | 24.2
Axes           | 8 13 17 20 22 26 | 26.3
Invocations    | 4 10 12 | 12.0
Throwing       | 4 7 10 14 15 | 15.0
Dodging        | 3 7 10 13 15 16 | 16.0
Evocations     | 1 7 9 11 12 | 12.0
Charms         | 1 2 6 8 10 21 | 21.1
Air Magic      | 4 6 |  6.3
Spellcasting   | 3 4 6 17 | 17.5
Summonings     | 5 6 17 | 17.1
Translocations | 3 14 | 14.0
Stealth        | 11 | 11.5
Hexes          | 3 |  3.6

Action                   |  1- 3 |  4- 6 |  7- 9 | 10-12 | 13-15 | 16-18 | 19-21 | 22-24 | 25-27 || total
-------------------------+-------+-------+-------+-------+-------+-------+-------+-------+-------++-------
Melee: Unarmed           |    44 |       |       |       |       |       |       |       |       ||    44
       Short sword       |   128 |   173 |   421 |       |       |       |       |       |       ||   722
       Battleaxe         |       |       |    76 |   678 |  1243 |  1265 |  1497 |  1306 |  2462 ||  8527
       Executioner's axe |       |       |       |       |       |       |   142 |   398 |  3555 ||  4095
 Fire: Hunting sling     |       |       |     1 |       |       |       |       |       |       ||     1
Throw: Tomahawk          |       |    15 |    15 |    55 |    56 |    46 |    40 |    23 |    31 ||   281
       Javelin           |       |       |       |       |       |     2 |       |    17 |    66 ||    85
       Throwing net      |       |       |       |       |       |       |       |     1 |       ||     1
 Cast: Summon Small Mamm |    28 |    31 |    39 |     4 |       |       |       |       |     4 ||   106
       Repel Missiles    |       |       |       |       |       |       |     3 |     8 |    30 ||    41
       Spectral Weapon   |       |       |       |       |       |       |       |       |    56 ||    56
       Apportation       |       |       |       |       |       |       |       |       |    52 ||    52
       Aura of Abjuratio |       |       |       |       |       |       |       |       |    29 ||    29
       Haste             |       |       |       |       |       |       |       |       |    13 ||    13
       Portal Projectile |       |       |       |       |       |       |       |       |    11 ||    11
       Swiftness         |       |       |       |       |       |       |       |       |     1 ||     1
Invok: Divine Shield     |       |       |     2 |     3 |     7 |     1 |       |       |       ||    13
       Summon Divine War |       |       |       |       |       |     1 |       |       |    33 ||    34
       Brand Weapon With |       |       |       |       |       |       |     1 |       |       ||     1
 Abil: Evoke Flight      |       |       |       |       |       |       |       |       |     7 ||     7
Evoke: Wand              |       |       |       |    12 |     3 |     1 |     3 |     1 |    20 ||    40
       Sack of spiders   |       |       |       |       |       |       |     1 |     1 |       ||     2
  Use: Scroll            |     2 |     6 |     9 |    16 |    11 |     9 |    19 |    13 |    35 ||   120
       Potion            |       |       |     3 |     1 |     9 |     3 |     5 |     3 |    30 ||    54
 Stab: Distracted        |     2 |       |       |       |       |       |       |     1 |     1 ||     4
       Petrified         |       |       |       |       |       |       |       |       |     1 ||     1
       Paralysed         |       |       |       |       |       |       |       |       |     1 ||     1
  Eat: Chunk             |     4 |     7 |     9 |    25 |    30 |    36 |    31 |    27 |    47 ||   216
       Royal jelly       |       |       |     1 |       |       |       |       |     1 |       ||     2
       Beef jerky        |       |       |     1 |       |       |       |     1 |       |     4 ||     6
       Meat ration       |       |       |     1 |       |     1 |       |     1 |     2 |    10 ||    15
       Pizza             |       |       |       |     2 |     2 |     2 |     1 |       |     3 ||    10
       Bread ration      |       |       |       |       |     2 |     1 |     1 |     1 |     7 ||    12
Armor: Robe              |    11 |       |       |       |       |       |       |       |       ||    11
       Ring mail         |    70 |    84 |   374 |   203 |       |       |       |       |       ||   731
       Chain mail        |       |       |       |   149 |       |   712 |   745 |   386 |       ||  1992
       Plate armour      |       |       |       |    94 |   982 |   258 |       |       |       ||  1334
       Crystal plate arm |       |       |       |       |       |       |    50 |   511 |  5748 ||  6309
Dodge: Dodged            |   102 |    83 |   328 |   261 |   347 |   698 |   779 |   540 |  2442 ||  5580
       Deflected         |       |       |       |       |       |       |     5 |    23 |   113 ||   141
Block: Other             |       |       |     1 |     7 |    48 |     5 |       |       |       ||    61

Table legend:
 A = Turns spent in this place as a percentage of turns spent in the entire game.
 B = Non-inter-level travel turns spent in this place as a percentage of non-inter-level travel turns spent in the entire game.
 C = Inter-level travel turns spent in this place as a percentage of turns spent in this place.
 D = Turns resting spent in this place as a percentage of non-inter-level travel turns spent in this place.
 E = Turns spent auto-exploring this place as a percentage of non-inter-level travel turns spent in this place.
 F = Non-inter-level travel turns spent in this place divided by the number of levels of this place that you've seen.
                   A       B       C       D       E      F
               +-------+-------+-------+-------+-------+----------------------
         Total | 100.0 | 100.0 |   0.4 |   2.0 |   2.2 | 468.7
       Dungeon |  12.7 |  12.7 |   0.6 |   1.8 |   5.1 | 443.5
          Lair |   7.2 |   7.2 |   1.2 |   2.1 |   3.7 | 628.8
        Shoals |   4.4 |   4.4 |   0.4 |   3.4 |   1.8 | 583.2
   Spider Nest |   5.4 |   5.3 |   0.4 |   4.2 |   2.9 | 701.8
    Slime Pits |   1.7 |   1.7 |   0.1 |   2.4 |   0.0 | 178.0
  Orcish Mines |   2.8 |   2.8 |   0.8 |   0.8 |   1.0 | 723.0
   Elven Halls |   5.1 |   5.1 |   0.3 |   3.2 |   2.7 | 893.0
        Vaults |  13.5 |  13.5 |   0.2 |   1.5 |   1.0 | 1415.4
         Crypt |   5.1 |   5.1 |   0.3 |   1.9 |   3.3 | 896.3
        Depths |   9.4 |   9.4 |   0.6 |   2.7 |   2.9 | 984.6
          Hell |   0.9 |   0.9 |   0.7 |   2.2 |   1.1 | 450.0
           Dis |   5.4 |   5.4 |   0.3 |   1.9 |   1.3 | 403.7
       Cocytus |   1.0 |   1.0 |   0.0 |   0.5 |   0.2 |  91.7
         Abyss |   7.4 |   7.5 |   0.0 |   0.7 |   0.0 | 559.0
   Pandemonium |  18.0 |  18.1 |   0.0 |   1.7 |   1.6 | 243.2
               +-------+-------+-------+-------+-------+----------------------

Vault maps used:
D:1:      dpeg_arrival_rooms_b, st_stairs_9, nrook_loot_triangle
D:2:      overflow_temple_1_default, ashenzari_conservatory_becter,
          vehumet_crystals, nicolae_overflow_crystal_walls,
          gammafunk_temple_overflow_pools, ecumenical_altar_1,
          hangedman_decor_opposing
D:3:      lemuel_crystal_altar, overflow_temple_1_default, uniq_grinder
D:4:      nicolae_ru_awakened_eye, first_bread, minmay_misc_feat_five
D:5:      lemuel_zombie_altar_kikubaaqudgha, lemuel_crystal_altar,
          uniq_crazy_yiuf_cottage, uniq_sigmund, uniq_prince_ribbit1
D:6:      basic_altar, makhleb_blood_cavern_becter
D:7:      kennysheep_ying_yang, grunt_gozag_statues, tgw_sif,
          minmay_temple_entry_glass, uniq_pikel
D:8:      grunt_pizzeria, johnstein_pakellas_death_squad, uniq_joseph
D:10:     uniq_maurice, uniq_fannar, uniq_psyche, uniq_snorg, uniq_nergalle
D:11:     erik_lair_island, erik_orc_4, lab_entry_generic, enter_trove_3
D:12:     basic_altar
D:13:     grunt_vaults_entry_tiered, kennysheep_opposing_triangles
D:14:     serial_park_square1, basic_altar
D:15:     hangedman_depths_entry_civil_slaughter, minmay_misc_feat_enclosed,
          nemelex_altar_shiori
Lair:1:   beast_lair_carwin_7, lemuel_fruit_fields
Lair:2:   grunt_forest_large_clearings, uniq_erica
Lair:3:   grunt_forest_stairs_clearing, serial_bayou_shore_a,
          serial_bayou_shore_b, infiniplex_staircase_pool_2,
          lemuel_fruit_fields, grunt_megastairs_1
Lair:4:   minmay_shoals_entry_lonely_mermaid, nicolae_spider_entry_orb_guardian,
          bh_autumn_forest_stairs, serial_bayou_shore_b
Lair:5:   minmay_lair_drake_nest, uniq_josephine
Lair:6:   minmay_lair_end_enchanted_forest, minmay_slime_entry_eyes
Shoals:1: nicolae_shoals_c_island
Shoals:2: serial_shops, shop
Shoals:3: serial_shops, nicolae_shop_stone, nicolae_shop_behind_doors,
          nicolae_shoals_water_elemental_grotto, uniq_mara
Shoals:4: shoals_end_grunt_garden, shoals_ilsuiw_alternative,
          nicolae_shoals_isolated_beach
Spider:1: guppyfry_spider_mini_1
Spider:2: spider_trap, hangedman_spider_trapstep
Spider:4: grunt_spider_rune_circles, nicolae_arachne_temple
Slime:1:  cheibrodos_slime_lost_civilization_7
Orc:2:    st_orc_town
Elf:1:    hangedman_elf_disciples, minivault_16, grunt_ministairs_3,
          eino_tiny_chamber, minmay_misc_feat_alley, hex_tiny,
          nicolae_elf_big_sculpture_3, onia_ninara_cookie
Elf:2:    serial_shops, nicolae_shop_window_shopping, shop, shop, shop,
          nicolae_shop_statue_plus, moated_statue, library_closet,
          serial_sigils_hangedman_gnaw, uniq_agnes, uniq_azrael
Elf:3:    minmay_elf_hall_quartered_circle, basic_stair_grate_trap
Vaults:1: vaults_dpeg_hooks, grunt_vaults_hallway_long, v_alt_pattern_2,
          vaults_mumra_chevron, v_misc_17, nicolae_vaults_little_ls,
          vaults_room_corners, vaults_mumra_lcd, nicolae_vaults_statue_guard,
          nicolae_vaults_mini_display_case, vaults_room_ringed_pool
Vaults:2: nicolae_vaults_disjoint_gnomons, nicolae_vaults_circle_grid_b,
          vaults_dpeg_ring, dpeg_vaults_monster_box,
          nicolae_vaults_network_periphery, v_misc_9, nicolae_vaults_murderbox
Vaults:3: nicolae_vaults_angled_halls, minmay_crypt_entry_simple_box,
          nicolae_vaults_circle_grid_a, vaults_room_octagon, stair_cage_open,
          nicolae_vaults_little_squares_2, hangedman_vaults_restitches,
          nicolae_vaults_little_squares_2, nicolae_vaults_ninety_degrees,
          v_misc_26, vaults_mumra_hexcomb, nicolae_vaults_specimen_jars,
          grunt_vaults_swirl, v_rooms_3, vaults_room_fancy_cross, serial_shops,
          shop
Vaults:4: vaults_mumra_bighexcomb, grunt_vaults_diagonal, v_misc_16,
          ontoclasm_vaults_tryst, v_alt_pattern_3, vaults_room_hallway,
          v_pattern_2, vaults_room_grid, vaults_room_pools, vaults_room_corners,
          nicolae_vaults_rhombus_7, serial_shops, nicolae_shop_trees
Vaults:5: serial_shops
Crypt:1:  minicrypt_bobbens
Crypt:2:  minmay_misc_feat_pillars, lemuel_mausoleum_altar_yredelemnul,
          uniq_khufu, uniq_margery
Crypt:3:  church_of_pain_bobbens, tomb_entry_forgotten_bobbens, serial_glass,
          glass_columns_b, glass_columns_c, feat_on_display
Depths:1: grunt_pan_entry_in_and_out, abyss_entry,
          pf_vacation_house_of_asmodeus, serial_bayou_pond_d,
          minmay_misc_feat_plants, minmay_fountain_box,
          kennysheep_underground_church, firewood_loft
Depths:2: hangedman_box_tower, enter_ziggurat_b, bh_walls_and_bars,
          grunt_hell_entry_dis_grunt, serial_shops, nicolae_shop_behind_doors,
          grunt_decor_fettered, infiniplex_staircase_door_maze
Depths:3: hangedman_six_sided_sadism, grunt_pan_entry_zigzag, dk_noncrumbling_4,
          pf_hell_entry_tar_river
Depths:4: grunt_house_of_mirrors, hangedman_coc_ice_floe, abyss_entry_crystal,
          kennysheep_inner_square, infiniplex_staircase_split_hallway
Depths:5: grunt_zot_entry_alcove, hellmouth_1, uniq_sojobo
Dis:3:    evilmike_ambush
Dis:5:    grunt_dis_stairs_iron_hall
Dis:7:    iron_city_of_dis
Abyss:1:  hangedman_abyss_or_decor_jellyfish_corner,
          evilmike_abyss_exit_mutagenic
Abyss:2:  bh_abyss_exit_grid, abyss_exit_lava
Abyss:4:  minivault_22, grunt_abyss_rune_forest_and_sorcery,
          hangedman_abyss_shoalhut, hangedman_shadowy_showcase,
          hangedman_abyss_or_decor_stabs, abyss_greek_temple,
          evilmike_abyss_exit_14
Pan:      grunt_pan_frozen_over, pan_blood_fountain_2, nicolae_pan_mnolegish_4,
          nicolae_pan_sick_transit, evilmike_mini_pan_corridor,
          pan_blood_fountain_2, pan_blood_fountain_small, grunt_pan_spiral,
          grunt_pan_sceptre, pan_blood_fountain_2, nicolae_pan_diamonds,
          evilmike_holy_pan, grunt_pan_sceptre, pan_blood_fountain,
          nicolae_pan_giant_door, nicolae_pan_sigil_obb, rand_demon_9,
          evilmike_mini_pan_doors, uniq_mennas_pan,
          nicolae_pan_gloorx_vloqian_1, grunt_pan_sceptre, pan_blood_fountain_2,
          rand_demon_9, nicolae_pan_hourglass, rand_demon_7,
          evilmike_mini_pan_3x3, evilmike_mini_pan_thingy,
          nicolae_pan_sigil_eeng, evilmike_mini_pan_pillars,
          nicolae_pan_sigil_obb, evilmike_mini_pan_other_thingy,
          grunt_pan_pentagram, grunt_pan_pentagram, evilmike_gloorx_vloq_box,
          pan_blood_fountain, nicolae_pan_mnolegish_5, lemuel_hellion_island,
          rand_demon_2, evilmike_mini_pan_pillars_b, pan_blood_fountain_small,
          grunt_pan_pentagram, grunt_pan_sceptre, evilmike_mnoleg_eyes,
          rand_demon_7, rand_demon_5, lom_lobon_grunt, evilmike_mini_pan_V,
          nicolae_pan_mnolegish_3, evilmike_mini_pan_other_thingy, rand_demon_4,
          nicolae_pan_sigil_nadil, nicolae_pan_sick_transit, rand_demon_2,
          nicolae_pan_hourglass, nicolae_pan_mnolegish_5, evilmike_mini_pan_T,
          nicolae_pan_door_chamber, nicolae_pan_gloorx_vloqian_4,
          nicolae_pan_sigil_nadil, pan_surprise, evilmike_mini_pan_doors,
          pan_blood_fountain_small, cerebov_grunt, nicolae_pan_gloorx_vloqian_1
